 Dungeon Crawl Stone Soup version 0.22.1-1-ga44c0e5 (webtiles) character file.

13584740 Kairos the Vine Barricade (level 27, 174/174 HPs)
             Began as a Vine Stalker Fighter on Sept 20, 2018.
             Was the Champion of Okawaru.
             Escaped with the Orb
             ... and 15 runes on Sept 25, 2018!
             The game lasted 10:22:50 (121017 turns).

Kairos the Vine Barricade (Vine Stalker Fighter)  Turns: 121017, Time: 10:22:51

Health: 174/174    AC: 53    Str: 38    XL:     27
Magic:  34/55      EV: 38    Int: 15    God:    Okawaru [******]
Gold:   16628      SH: 43    Dex: 22    Spells: 38/80 levels left

rFire    + . .     SeeInvis .   a - +8 mithril axe "Arga" {speed, MR+}
rCold    + . .     Gourm    .   x - +8 large shield {reflect}
rNeg     + . .     Faith    .   F - +10 crystal plate armour of Qucwod {Slay+2}
rPois    .         Spirit   +   (helmet restricted)
rElec    +         Reflect  +   V - scarf {rC+ rF+}
rCorr    .         Harm     .   s - +1 pair of gloves of Integrity {Str+4 Dex+2 Stlth+}
MR       +++..                  W - +2 pair of boots {run}
Stlth    +.........             P - amulet of Neqyirr {Reflect rElec MR- Str+9 SH+5 Stlth-}
HPRegen  2.19/turn              c - ring of Phasing {EV+8}
MPRegen  0.34/turn              Z - ring of Canih {rN+ AC+5 Int+6}

@: heroism, finesse, darkness, shrouded, regenerating, quick
A: fangs 3, horns 1, mutation resistance 1, regeneration 2, screaming 1, magic
shield, antimagic bite, no potion heal 3, rot immunity, MP-powered wands
0: Orb of Zot
}: 15/15 runes: serpentine, barnacled, slimy, silver, golden, iron, obsidian,
icy, bone, abyssal, demonic, glowing, magical, fiery, dark
a: Heroism, Finesse, Renounce Religion


You escaped.
You worshipped Okawaru.
Okawaru was exalted by your worship.
You were not hungry.

You visited 18 branches of the dungeon, and saw 90 of its levels.
You visited Pandemonium 3 times, and saw 67 of its levels.
You visited the Abyss 7 times.
You completed 1 ziggurat, and saw 27 of its levels.
You also visited: Labyrinth, Trove and Ossuary.

You collected 22954 gold pieces.
You spent 6326 gold pieces at shops.

Inventory:

Hand Weapons
 a - the +8 mithril axe "Arga" (weapon) {speed, MR+}
   (Okawaru gifted it to you in Pandemonium)

   Attacks with this weapon are significantly faster.
   It affects your resistance to hostile enchantments.
 e - the +9 hand crossbow of Eddot {elec, MR+}
   (Okawaru gifted it to you on level 4 of the Depths)

   It charges the ammunition it shoots with electricity; occasionally upon a
   hit, such missiles may discharge and cause terrible harm.
   It affects your resistance to hostile enchantments.
 K - the +6 broad axe of the Depths {freeze, rC- MP+9 Str+10 Dex-4}
   (You acquired it on level 5 of the Lair of Beasts)

   It has been specially enchanted to freeze those struck by it, causing extra
   injury to most foes and up to half again as much damage against particularly
   susceptible opponents.
   It can also slow down cold-blooded creatures.
   It affects your strength (+10).
   It affects your dexterity (-4).
   It makes you vulnerable to cold.
   It affects your magic capacity (+9).
 R - a +9 sacred scourge of holy wrath
Missiles
 D - 1666 bolts
Armour
 b - the +0 helmet of the Armoured One {+Inv rF- rN+++}
   (Okawaru gifted it to you on level 4 of the Lair of Beasts)

   It makes you vulnerable to fire.
   It renders you almost immune to negative energy.
   It lets you turn invisible.
 s - the +1 pair of gloves of Integrity (worn) {Str+4 Dex+2 Stlth+}
   (You found it on level 24 of a ziggurat)

   It affects your strength (+4).
   It affects your dexterity (+2).
   It makes you more stealthy.
 u - the +1 pair of boots "Hero's Friend" {rF++ rC+}
   (Okawaru gifted it to you on level 5 of the Vaults)

   It greatly protects you from fire.
   It protects you from cold.
 v - the +2 pair of boots of the Assassin {Detection Stab+ Stlth++}
   (You found it on level 8 of the Dungeon)

   It makes you much more stealthy.
 x - a +8 large shield of reflection (worn)
 F - the +10 crystal plate armour of Qucwod (worn) {Slay+2}
   (Okawaru gifted it to you on level 2 of the Abyss)

   It affects your accuracy and damage with ranged weapons and melee attacks
   (+2).
 Q - the -2 hat of the Alchemist {rElec rPois rF+ rC+ rN+ MR+ rMut rCorr}
   (You found it on level 4 of the Shoals)

   It protects you from fire.
   It protects you from cold.
   It insulates you from electricity.
   It protects you from poison.
   It protects you from negative energy.
   It affects your resistance to hostile enchantments.
   It provides partial protection from all sources of acid and corrosion.
   It protects you from mutation.
 V - a scarf of resistance (worn)
 W - a +2 pair of boots of running (worn)
Jewellery
 c - the ring of Phasing (left hand) {EV+8}
   (You found it on level 23 of a ziggurat)

   [ring of evasion]

   It affects your evasion (+8).
 l - the amulet "Qiezot" {RegenMP rElec}
   (You found it on level 20 of a ziggurat)

   [amulet of magic regeneration]

   It increases your magic regeneration.
   It insulates you from electricity.
 z - the brooch of Shielding {Reflect SH+8}
   (You found it on level 23 of a ziggurat)

   [amulet of reflection]

   It shields you and reflects attacks.
   It affects your SH (+8).
 I - the ring of Generosity {rCorr rElec rN+ Str+2}
   (You found it in Pandemonium)

   [ring of resist corrosion]

   It affects your strength (+2).
   It insulates you from electricity.
   It protects you from negative energy.
 P - the amulet of Neqyirr (around neck) {Reflect rElec MR- Str+9 SH+5 Stlth-}
   (You bought it in a shop on level 12 of the Dungeon)

   [amulet of reflection]

   It shields you and reflects attacks.
   It affects your strength (+9).
   It insulates you from electricity.
   It affects your resistance to hostile enchantments.
   It affects your SH (+5).
   It makes you less stealthy.
 Y - the ring of Robustness {AC+8}
   (You found it on level 3 of the Tomb of the Ancients)

   [ring of protection]

   It affects your AC (+8).
 Z - the ring of Canih (right hand) {rN+ AC+5 Int+6}
   (You found it in Pandemonium)

   [ring of protection]

   It affects your AC (+5).
   It affects your intelligence (+6).
   It protects you from negative energy.
Wands
 S - a wand of digging (41)
 T - a wand of clouds (19)
Scrolls
 g - 16 scrolls of magic mapping
 i - 72 scrolls of remove curse
 k - 63 scrolls of teleportation
 m - 19 scrolls of fog
 r - 13 scrolls of blinking
 t - 6 scrolls of holy word
 w - 10 scrolls of enchant armour
 y - 11 scrolls of summoning
 E - 24 scrolls of enchant weapon
 N - 17 scrolls of fear
 O - 2 scrolls of identify
 U - 18 scrolls of immolation
 X - 5 scrolls of silence
Potions
 d - 26 potions of might
 h - 10 potions of cancellation
 n - 61 potions of curing
 p - 14 potions of agility
 q - 14 potions of brilliance
 A - 14 potions of ambrosia
 B - 18 potions of lignification
 C - 13 potions of berserk rage
 G - 7 potions of invisibility
 H - 9 potions of resistance
 J - 18 potions of flight
 L - 14 potions of haste
 M - 7 potions of magic
Miscellaneous
 j - 2 +1 figurines of a ziggurat
Comestibles
 f - 118 rations


   Skills:
 O Level 27 Fighting
 - Level 19.1(24.1) Axes
 - Level 0.3(18.0) Maces & Flails
 - Level 10.0(15.0) Crossbows
 + Level 0.8(5.8) Throwing
 O Level 27 Armour
 * Level 21.9(26.9) Dodging
 O Level 27 Stealth
 O Level 27 Shields
 O Level 27 Spellcasting
 - Level 17.7 Hexes
 - Level 11.8 Charms
 + Level 21.6 Necromancy
 * Level 25.1 Translocations
 - Level 10.8 Ice Magic
 - Level 14.6 Air Magic
 - Level 24.1 Invocations
 - Level 17.0 Evocations


You had 38 spell levels left.
You knew the following spells:

 Your Spells              Type           Power        Failure   Level  Hunger
a - Regeneration          Chrm/Necr      ######....   1%          3    None
b - Passage of Golubria   Tloc           N/A          0%          4    None
c - Silence               Hex/Air        ######....   1%          5    None
d - Metabolic Englaciati  Hex/Ice        ######....   1%          5    None
e - Blink                 Tloc           N/A          0%          2    None
f - Darkness              Hex            ######....   1%          6    ####...
g - Invisibility          Hex            ######..     1%          6    ####...
h - Apportation           Tloc           ######       0%          1    None
i - Shroud of Golubria    Chrm/Tloc      ######....   0%          2    None
j - Controlled Blink      Tloc           N/A          1%          8    #######

Your spell library contained the following spells:

 Spells                   Type           Power        Failure   Level  Hunger
 Animate Skeleton         Necr           N/A          0%          1    None
 Confusing Touch          Hex            ######       0%          1    None
 Corona                   Hex            ######.      0%          1    None
 Pain                     Necr           ####         0%          1    None
 Corpse Rot               Necr           N/A          0%          2    None
 Slow                     Hex            ######..     0%          2    None
 Sublimation of Blood     Necr           ######....   0%          2    None
 Confuse                  Hex            ######..     0%          3    None
 Gell's Gravitas          Tloc           #######...   0%          3    None
 Lesser Beckoning         Tloc           #######...   0%          3    None
 Portal Projectile        Hex/Tloc       ######       0%          3    None
 Teleport Other           Tloc           #######.     0%          3    None
 Tukima's Dance           Hex            ######..     0%          3    None
 Vampiric Draining        Necr           ######....   0%          3    None
 Animate Dead             Necr           N/A          0%          4    None
 Freeze                   Ice            ####         1%          1    None
 Infusion                 Chrm           ####         1%          1    None
 Shock                    Conj/Air       ####         1%          1    None
 Ensorcelled Hibernation  Hex/Ice        ######       1%          2    None
 Poisonous Vapours        Pois/Air       #####.       1%          2    None
 Song of Slaying          Chrm           ######..     1%          2    None
 Swiftness                Chrm/Air       ######..     1%          2    None
 Throw Frost              Conj/Ice       #####.       1%          2    None
 Dazzling Spray           Conj/Hex       #####.       1%          3    None
 Inner Flame              Hex/Fire       #####...     1%          3    None
 Ozocubu's Armour         Chrm/Ice       ######..     1%          3    None
 Recall                   Summ/Tloc      N/A          1%          3    None
 Spectral Weapon          Hex/Chrm       ######..     1%          3    None
 Static Discharge         Conj/Air       #####...     1%          3    None
 Summon Guardian Golem    Hex/Summ       #####...     1%          3    None
 Airstrike                Air            ######....   1%          4    None
 Cause Fear               Hex            ######....   1%          4    None
 Force Lance              Conj/Tloc      ######..     1%          4    None
 Fulminant Prism          Conj/Hex       #####.....   1%          4    None
 Leda's Liquefaction      Hex/Erth       #####.....   1%          4    None
 Agony                    Necr           ######..     1%          5    None
 Bolt of Draining         Conj/Necr      ######....   1%          5    None
 Borgnjor's Vile Clutch   Necr/Erth      ######....   1%          5    None
 Dispel Undead            Necr           ######..     1%          5    None
 Excruciating Wounds      Chrm/Necr      ######....   1%          5    None
 Summon Forest            Summ/Tloc      ######....   1%          5    None
 Death Channel            Necr           ######....   1%          6    ####...
 Dispersal                Tloc           #######...   1%          6    ####...
 Simulacrum               Ice/Necr       ######....   1%          6    ####...
 Disjunction              Tloc           #######...   1%          8    #######
 Mephitic Cloud           Conj/Pois/Air  ####....     2%          3    None
 Summon Lightning Spire   Summ/Air       #####...     3%          4    None
 Summon Mana Viper        Hex/Summ       #####...     4%          5    None
 Yara's Violent Unravell  Hex/Tmut       #####.....   4%          5    None
 Deflect Missiles         Chrm/Air       ######....   4%          6    ####...
 Beastly Appendage        Tmut           ###...       6%          1    None
 Flame Tongue             Conj/Fire      ###..        6%          1    None
 Magic Dart               Conj           ###.         6%          1    None
 Sandblast                Erth           ###...       6%          1    None
 Sting                    Conj/Pois      ###.         6%          1    None
 Summon Butterflies       Summ           ###.....     6%          1    None
 Summon Small Mammal      Summ           ###.         6%          1    None
 Borgnjor's Revivificati  Necr           ######....   6%          8    #######
 Infestation              Necr           ######....   6%          8    #######
 Ice Form                 Ice/Tmut       #####...     7%          4    None
 Summon Ice Beast         Ice/Summ       #####...     7%          4    None
 Throw Icicle             Conj/Ice       #####...     7%          4    None
 Lightning Bolt           Conj/Air       #####.....   9%          5    None
 Call Imp                 Summ           ###.....     10%         2    None
 Passwall                 Tmut/Erth      ###.....     10%         2    None
 Searing Ray              Conj           ###...       10%         2    None
 Sticks to Snakes         Tmut           ###.....     10%         2    None
 Throw Flame              Conj/Fire      ###...       10%         2    None
 Ozocubu's Refrigeration  Ice            ######....   12%         6    ####...
 Iskenderun's Battlesphe  Conj/Chrm      #####...     16%         5    None
 Call Canine Familiar     Summ           ###.....     19%         3    None
 Conjure Flame            Conj/Fire      ###.....     19%         3    None
 Ignite Poison            Fire/Tmut/Pois ###.....     19%         3    None
 Spider Form              Tmut/Pois      ###.......   19%         3    None
 Stone Arrow              Conj/Erth      ###...       19%         3    None
 Freezing Cloud           Conj/Ice/Air   #####.....   30%         6    ####...
 Discord                  Hex            ######....   30%         8    #######
 Malign Gateway           Summ/Tloc      ######....   32%         7    #####..
 Death's Door             Chrm/Necr      ######....   41%         8    #######
 Conjure Ball Lightning   Conj/Air       #####.....   43%         6    ####...
 Iskenderun's Mystic Bla  Conj           ###.....     54%         4    None
 Olgreb's Toxic Radiance  Pois           ###.....     54%         4    None
 Petrify                  Tmut/Erth      ###.....     54%         4    None
 Sticky Flame             Conj/Fire      ###.....     54%         4    None
 Haunt                    Necr/Summ      ######....   54%         7    #####..
 Bolt of Cold             Conj/Ice       #####.....   73%         6    ####...
 Alistair's Intoxication  Tmut/Pois      ###.....     87%         5    None
 Blade Hands              Tmut           ###.......   87%         5    None
 Bolt of Magma            Conj/Fire/Erth ###.......   87%         5    None
 Fireball                 Conj/Fire      ###.......   87%         5    None
 Irradiate                Conj/Tmut      ###.......   87%         5    None
 Lee's Rapid Deconstruct  Erth           ###.......   87%         5    None
 Summon Demon             Summ           ###.......   87%         5    None
 Venom Bolt               Conj/Pois      ###.......   87%         5    None
 Ring of Flames           Chrm/Fire      #####.....   99%         7    #####..
 Necromutation            Tmut/Necr      ######....   99%         8    #######
 Bolt of Fire             Conj/Fire      ###.......   100%        6    ####...
 Hydra Form               Tmut           ###.......   100%        6    ####...
 Iron Shot                Conj/Erth      ###.......   100%        6    ####...
 Poison Arrow             Conj/Pois      ###.......   100%        6    ####...
 Shadow Creatures         Summ           N/A          100%        6    ####...
 Statue Form              Tmut/Erth      ###......    100%        6    ####...
 Dragon Form              Tmut           ###.......   100%        7    #####..
 Monstrous Menagerie      Summ           ###.......   100%        7    #####..
 Orb of Destruction       Conj           ###.......   100%        7    #####..
 Spellforged Servitor     Conj/Summ      ###.......   100%        7    #####..
 Summon Greater Demon     Summ           ###.......   100%        7    #####..
 Summon Hydra             Summ           ###.......   100%        7    #####..
 Chain Lightning          Conj/Air       #####.....   100%        8    #######
 Ignition                 Fire           ###.......   100%        8    #######
 Lehudib's Crystal Spear  Conj/Erth      ###.......   100%        8    #######
 Summon Horrible Things   Summ           ###.......   100%        8    #######
 Dragon's Call            Summ           ###.......   100%        9    #######
 Fire Storm               Conj/Fire      ###.......   100%        9    #######
 Glaciate                 Conj/Ice       #####.....   100%        9    #######
 Shatter                  Erth           ###.......   100%        9    #######
 Tornado                  Air            ######....   100%        9    #######


Dungeon Overview and Level Annotations

Branches:
Dungeon (15/15)            Temple (1/1) D:5            Lair (6/6) D:8
 Shoals (4/4) Lair:4        Snake (4/4) Lair:4        Slime (5/5) Lair:6
    Orc (2/2) D:11            Elf (3/3) Orc:2        Vaults (5/5) D:13
  Crypt (3/3) Vaults:2       Tomb (3/3) Crypt:3      Depths (5/5) D:15
   Hell (1/1)                 Dis (7/7) Hell            Geh (7/7) Hell
    Coc (7/7) Hell            Tar (7/7) Hell            Zot (5/5) Depths:5

Altars:
Ashenzari
Cheibriados
Dithmenos
Elyvilon
Fedhas
Gozag
Kikubaaqudgha
Makhleb
Nemelex Xobeh
Okawaru
Qazlal
Ru
Sif Muna
Trog
Uskayaw
Vehumet
Wu Jian
Xom
Yredelemnul
Zin
The Shining One
Beogh
Jiyva

Shops:
D:4 !(=   D:8 *(%(   D:9 %(*   D:10 :   D:12 =   D:15 *   Orc:2 [=*(
Elf:2 *%[   Elf:3 [*:*%   Shoals:1 %   Vaults:1 ?   Vaults:2 (   Vaults:4 ***
Vaults:5 !}!}!(   Depths:2 =}=   Depths:5 ([

Portals:
Hell: Depths:1 Depths:2 Depths:3 Depths:4 Depths:5
Abyss: Depths:1 Depths:4
Pandemonium: Depths:2 Depths:3 Depths:5

Annotations:
Coc:7 exclusion: ice statue
Zot:2 2 transporters, exclusion: obsidian statue


Innate Abilities, Weirdness & Mutations

You have razor-sharp teeth.
You heal very quickly.
When hurt, damage is shared between your health and your magic reserves.
Your bite disrupts and absorbs the magic of your enemies.
Potions cannot restore your health.
You are immune to rotting.
You have a pair of small horns on your head.
You are somewhat resistant to further mutation.
You occasionally shout uncontrollably at your foes.
You expend magic power (3 MP) to strengthen your wands.


Message History

Casting: Regeneration (safe; 1% risk of failure)
Confirm with . or Enter, or press ? or * to list all spells.
It gets dark.
Casting: Darkness (safe; 1% risk of failure)
Confirm with . or Enter, or press ? or * to list all spells.
You radiate an aura of cold.
Casting: Metabolic Englaciation (safe; 1% risk of failure)
Confirm with . or Enter, or press ? or * to list all spells.
Your blink will be uncontrolled - continue anyway? [Y]es or [N]o only, please.
Your blink will be uncontrolled - continue anyway? [Y]es or [N]o only, please.
Your blink will be uncontrolled - continue anyway? [Y]es or [N]o only, please.
Your blink will be uncontrolled - continue anyway?
Unknown command.
There is a staircase leading out of the dungeon here.
Char dumped successfully.
Unknown command.
You have escaped!

###.# #..#######.####...........
..#[# #..### #.# #....####...#
#.#.# ##....#####.###.#.## ##.##
#.#.###...#...........#.# #...
..........#...#####...#.# ####
###.###.#.#...#...#...#.# #.#
#.#.#.###.8.###.#.# #.#
#.#...#.......#.#.#########
###.###.###.'.8.@.8.(............
[...........#.......#..#########.
###..##.###.###.8.###..# #.
#..##.# #...#...#....# ###.
#..##.# #...#####....# #...
###.....###............# #.##
.................####### #.#
..............#..# #.#
...#.##.#.###.#..# #.#


There were no monsters in sight!

Vanquished Creatures
  Cerebov (Pan)
  Antaeus (Coc:7)
  Asmodeus (Geh:7)
  the Royal Jelly (Slime:5)
  Ereshkigal (Tar:7)
  Ignacio (Pan)
  Gloorx Vloq (Pan)
  Mnoleg (Pan)
  A seraph (Pan)
  Lom Lobon (Pan)
  Khufu (Crypt:3)
  2 orbs of fire
  Dispater (Dis:7)
  Mara (Vaults:2)
  13 juggernauts
  18 ancient liches
  Sojobo (Vaults:3)
  51 pandemonium lords
  38 greater mummies
  11 shard shrikes
  Xtahua (Vaults:3)
  Saint Roka (Depths:5)
  10 caustic shrikes (Depths:4)
  Geryon (Hell)
  10 Killer Klowns
  The ghost of Ozeaf the Sorcerer, a veteran DEHu of Kikubaaqudgha (Depths:2)
  22 golden dragons
  2 curse toes
  A golden dragon (shapeshifter) (Zig:23)
  3 profane servitors
  Jory (Vaults:3)
  The ghost of Duvuownu the Brawler, an adept NaTm of Okawaru (Vaults:1)
  Nikola (Elf:3)
  10 pearl dragons
  17 bone dragons
  14 iron giants
  45 Brimstone Fiends
  5 doom hounds
  An iron giant (shapeshifter) (Zig:23)
  2 electric golems (Zot:5)
  A hellephant (Pan)
  46 Tzitzimimeh
  17 tentacled monstrosities
  The ghost of Xiraoc the Spry, an adept MfGl of Okawaru (Vaults:3)
  18 liches
  42 Hell Sentinels
  5 titans
  56 Ice Fiends
  25 Orb Guardians
  10 deep elf master archers
  16 deep elf blademasters
  5 quicksilver dragons
  14 tentacled starspawn
  10 sphinxes
  15 acid blobs
  56 Executioners
  Gastronok (Lair:1)
  6 eldritch tentacles
  3 death cobs
  Agnes (D:14)
  18 ancient champions
  15 shadow dragons
  8 revenants
  18 tengu reavers
  Frances (Lair:4)
  4 thorn hunters
  Roxanne (Snake:1)
  A draconian monk (Depths:5)
  15 storm dragons
  The ghost of emiel the Brawler, an adept BaTm of Cheibriados (Snake:3)
  12 azure jellies
  29 daevas
  9 nagarajas
  36 blood saints (Pan)
  13 fire giants
  10 iron dragons
  8 deep elf sorcerers
  An azure jelly (shapeshifter) (Zig:23)
  19 vault wardens
  2 draconian scorchers
  2 draconian knights
  22 frost giants
  2 juggernaut zombies (Zig:27)
  83 balrugs
  29 warmongers (Pan)
  Louise (Elf:1)
  11 curse skulls
  10 orc warlords
  11 ghost moths
  2 draconian stormcallers
  The ghost of Phong the Severer, a journeyman FoFi of Ru (D:15)
  2 caustic shrike zombies (Zig:27)
  5 deep elf elementalists
  55 cacodemons
  2 emperor scorpions (Zig:14)
  A draconian shifter (Zig:4)
  A spriggan defender (Depths:3)
  5 draconian annihilators
  24 ironheart preservers
  47 very ugly things
  16 ghouls
  33 angels
  6 elemental wellsprings
  25 ophanim
  An entropy weaver (shapeshifter) (Zig:23)
  47 stone giants
  10 bennus
  39 black suns
  29 war gargoyles
  4 entropy weavers (Zig:14)
  2 stone giants (shapeshifter) (Zig:23)
  10 vampire knights
  105 reapers
  2 white draconians
  32 lorocyprocas
  5 green draconians
  29 apis
  9 deep elf demonologists
  33 corrupters
  4 purple draconians
  Nessos (Lair:4)
  A spectral titan (Crypt:3)
  17 red draconians
  2 minotaurs
  26 deep elf annihilators
  5 black draconians
  9 spark wasps
  19 merfolk javelineers
  4 yellow draconians
  8 quicksilver dragon zombies
  Snorg (Lair:4)
  80 blizzard demons
  A fire dragon (shapeshifter) (Depths:4)
  10 eidola
  20 ettins
  9 deep elf death magi
  The ghost of Ruracw the Destroyer, a journeyman DEFE of Qazlal (Lair:5)
  9 death oozes
  An ettin (shapeshifter) (Depths:4)
  28 jiangshi
  15 deep elf high priests
  60 green deaths
  8 merfolk impalers
  7 fire dragons
  Harold (Lair:1)
  33 ice dragons
  2 kraken zombies
  10 rakshasas
  25 mummy priests
  15 yaktaur captains
  30 hydras
  38 vault guards
  19 great orbs of eyes
  An ice dragon (shapeshifter) (Vaults:5)
  11 spriggan air magi
  2 catoblepae (Abyss:3)
  17 hell beasts
  Fannar (Lair:1)
  19 naga warriors
  6 ghost crabs
  4 merfolk avatars
  13 anacondas
  6 quicksilver dragon skeletons
  2 juggernaut simulacra (Pan)
  15 ogre magi
  28 monstrous demonspawn (Pan)
  6 merfolk aquamancers
  17 centaur warriors
  38 two-headed ogres
  7 death knights
  35 dancing weapons
  8 deep troll earth magi
  10 deep troll shamans
  5 death yaks
  7 alligators
  5 tengu warriors
  16 vampire magi
  46 death scarabs
  13 orc high priests
  28 hell hogs
  9 titan zombies
  4 alligator snapping turtles (Shoals:4)
  5 spriggan berserkers
  6 satyrs
  Urug (Orc:2)
  21 naga sharpshooters
  118 soul eaters
  209 sun demons
  15 thrashing horrors
  8 storm dragon zombies
  A spectral storm dragon (Crypt:1)
  3 shock serpents
  A fire crab (shapeshifter) (Vaults:3)
  Sonja (Lair:6)
  8 wretched stars (Abyss:3)
  5 spriggans
  28 deep elf knights
  14 shadow wraiths
  19 iron trolls
  A spectral emperor scorpion (Crypt:3)
  A salamander mystic (Snake:2)
  8 iron golems
  99 sixfirhies
  4 titan skeletons
  13 death drakes
  105 skeletal warriors
  10 anaconda zombies
  33 sea snakes
  A quicksilver dragon simulacrum (Coc:4)
  83 hell knights
  12 swamp dragons
  12 wizards
  4 spatial maelstroms (Abyss:3)
  4 unseen horrors
  169 large abominations
  33 torturous demonspawn
  A ghost moth zombie (Dis:7)
  4 naga ritualists
  2 golden dragon zombies
  28 gelid demonspawn (Pan)
  An unseen horror (shapeshifter) (Zig:20)
  2 obsidian statues
  7 storm dragon skeletons
  11 glowing orange brains
  26 cherubim
  53 shadow demons
  10 shambling mangroves
  A swamp dragon (shapeshifter) (Zig:20)
  39 infernal demonspawn (Pan)
  17 flayed ghosts
  2 sphinx zombies (Zig:27)
  2 kraken simulacra (Coc:7)
  38 deep trolls
  2 glowing orange brains (shapeshifter) (Zig:12)
  2 spriggan druids (Zig:17)
  5 shadow dragon zombies
  18 ironbrand convokers
  2 tengu zombies
  12 anaconda skeletons
  27 deep elf archers
  17 phantasmal warriors
  6 orb spiders
  18 harpies
  18 necromancers
  8 golden dragon skeletons
  5 mana vipers
  A tengu skeleton (Zig:19)
  25 orc knights
  7 shadow dragon skeletons
  10 frost giant zombies
  58 ugly things
  6 wolf spider zombies
  A shining eye (shapeshifter) (Vaults:5)
  14 cyclopes
  7 orc sorcerers
  4 salamanders
  7 shining eyes
  5 oklob plants (Zig:7)
  8 iron dragon zombies
  83 deep elf magi
  14 stone giant zombies
  11 fire giant zombies
  3 iron dragon skeletons
  A salamander (shapeshifter) (Zig:26)
  2 sphinx skeletons
  8 elephants
  9 wolf spiders
  9 manticores
  26 fauns
  A manticore (shapeshifter) (Zig:20)
  4 worldbinders (Abyss:3)
  17 moths of wrath
  2 toenail golems (Pan)
  42 rust devils
  7 fire giant skeletons
  2 guardian serpents (shapeshifter)
  7 stone giant skeletons
  A spriggan zombie (Zig:27)
  13 merfolk sirens
  153 smoke demons
  3 frost giant skeletons
  8 water nymphs
  7 eyes of devastation
  10 guardian serpents
  16 vault sentinels
  6 titan simulacra (Coc:7)
  3 human skeletons
  7 ice statues
  16 naga magi
  3 dire elephant zombies
  19 molten gargoyles
  A black mamba (shapeshifter) (Abyss:2)
  95 orange demons
  Psyche (D:8)
  2 spiny frogs (shapeshifter)
  2 torpor snails
  2 kobold demonologists (D:12)
  28 black mambas
  12 apocalypse crabs
  4 shock serpent zombies
  21 spiny frogs
  7 storm dragon simulacra
  5 gargoyles
  2 dire elephant skeletons
  51 hellions
  A rime drake (shapeshifter) (Vaults:1)
  2 catoblepas zombies
  5 komodo dragons
  32 yaktaurs
  3 emperor scorpion zombies
  A yaktaur (shapeshifter) (Vaults:3)
  27 freezing wraiths
  A golden dragon simulacrum (Crypt:1)
  62 ice devils
  12 efreet
  91 tormentors
  77 demonic crawlers
  3 anaconda simulacra (Coc:7)
  7 rime drakes
  10 ancient zymes
  2 minotaur skeletons
  18 hydra zombies
  A silent spectre (Tar:1)
  7 catoblepas skeletons
  122 red devils
  3 tengu conjurers
  A death yak skeleton (Crypt:2)
  5 harpy zombies
  27 wind drakes
  69 guardian mummies
  2 jumping spiders (shapeshifter)
  2 meliai (shapeshifter)
  62 hellwings
  7 jumping spiders
  5 polar bears
  9 trolls
  3 polar bears (shapeshifter)
  A shadow dragon simulacrum (Coc:4)
  A wolf spider simulacrum (Coc:7)
  3 harpy skeletons
  23 merfolk
  A queen bee (shapeshifter) (Zig:23)
  A raiju (shapeshifter) (Zig:23)
  4 tyrant leeches
  6 blink frogs
  8 snapping turtles
  2 blink frogs (shapeshifter)
  2 hippogriffs (shapeshifter) (Zig:20)
  7 fire dragon zombies
  24 raiju
  5 alligator zombies
  5 hydra skeletons
  3 black mamba zombies
  11 bog bodies
  10 hippogriffs
  38 hornets
  4 ice dragon zombies
  An iron dragon simulacrum (Coc:4)
  85 slime creatures
  7 dream sheep
  9 ettin zombies
  A centaur simulacrum (D:14)
  6 ice dragon skeletons
  63 shadows
  2 stone giant simulacra
  An elf skeleton (Zig:27)
  194 flying skulls
  A vampire (Abyss:2)
  4 fire dragon skeletons
  12 air elementals
  5 wyverns
  15 redbacks
  8 tarantellas
  5 alligator skeletons
  5 basilisks
  A dire elephant simulacrum (Coc:4)
  34 water elementals
  3 fire bats
  121 ynoxinuls
  43 ushabtiu
  42 yaks
  7 ettin skeletons
  2 tarantellas (shapeshifter)
  A wyvern (shapeshifter) (Zig:20)
  A fire bat (shapeshifter) (Depths:2)
  A human (D:11)
  51 neqoxecs
  45 fire elementals
  A golden eye (shapeshifter) (D:14)
  8 golden eyes
  3 hogs (D:11)
  2 basilisks (shapeshifter)
  34 wraiths
  9 hungry ghosts
  79 chaos spawn
  11 vampire mosquitoes
  A monstrous demonspawn zombie (Crypt:2)
  52 nagas
  12 wargs
  8 hydra simulacra (Coc:7)
  A human simulacrum (Vaults:4)
  A harpy simulacrum (D:14)
  A soldier ant (D:13)
  8 spatial vortices
  A swamp worm (shapeshifter) (Zig:2)
  12 insubstantial wisps
  14 spiny frog zombies
  A merfolk zombie (Coc:7)
  5 acid dragons
  54 hell hounds
  9 water moccasins
  A sky beast (shapeshifter) (Depths:4)
  67 orc warriors
  9 swamp drakes
  4 floating eyes
  13 porcupines
  2 black bears (shapeshifter)
  10 spiny frog skeletons
  10 ice beasts
  2 human zombies
  7 sky beasts
  2 manticore zombies
  A swamp dragon zombie (Dis:2)
  4 phantoms
  An alligator simulacrum (Hell)
  3 black bears
  10 eyes of draining
  26 necrophages
  An eye of draining (shapeshifter) (Depths:4)
  4 snapping turtle zombies
  11 boggarts
  A tengu (shapeshifter) (Depths:3)
  10 wolves
  30 ogres
  17 centaurs
  37 small abominations
  3 swamp dragon skeletons
  11 crocodiles
  2 snapping turtle skeletons
  24 bullfrogs
  7 big kobolds
  A fire crab zombie (Crypt:2)
  A hippogriff zombie (Shoals:2)
  Blork the orc (Orc:2)
  A wyvern zombie (D:8)
  A glowing shapeshifter simulacrum (Vaults:5)
  A draconian skeleton (Crypt:1)
  14 earth elementals
  A gnoll sergeant (Zig:25)
  6 elf zombies
  3 wyvern skeletons
  A shapeshifter zombie (Crypt:2)
  3 scorpions (D:8)
  2 water moccasin skeletons
  2 troll zombies
  13 killer bees
  95 wights
  An electric eel (Lair:5)
  A howler monkey (D:8)
  A troll skeleton (Pan)
  5 centaur zombies
  3 bullfrog zombies
  59 starcursed masses
  19 crimson imps
  9 jellies
  3 quasits
  A gnoll shaman (D:8)
  4 hounds
  6 centaur skeletons
  30 orc priests
  4 bullfrog skeletons
  39 iron imps
  34 orc wizards
  Ijyb (D:5)
  Natasha (thrice) (D:3)
  5 iguanas
  9 worker ants
  18 hell rats
  A lightning spire (Zig:8)
  A killer bee zombie (D:10)
  4 hound zombies
  A naga skeleton (Pan)
  2 hound skeletons
  94 mummies
  A howler monkey zombie (Ossuary)
  A worker ant zombie (Ossuary)
  11 gnolls
  7 adders
  13 shadow imps
  12 white imps
  7 ufetubi
  An ooze (D:4)
  4 adder zombies
  A halfling skeleton (Crypt:1)
  A worm (D:2)
  2 ball lightnings
  A barachi zombie (Crypt:1)
  3 dart slugs
  2 leopard geckos
  117 orcs
  3 bat zombies (Shoals:2)
  4 giant cockroaches
  A goblin (shapeshifter) (Zig:23)
  10 goblins
  9 hobgoblins
  8 jackals
  44 kobolds
  A quokka (shapeshifter) (Vaults:5)
  4 quokkas
  5 ball pythons
  11 bats
  6 frilled lizards
  A giant cockroach zombie (Ossuary)
  A jackal zombie (Ossuary)
  An orc skeleton (Crypt:2)
  2 orc zombies
  2 quokka zombies (Ossuary)
  9 rats
  A briar patch (Zig:18)
  12 crawling corpses
  A demonic plant (Pan)
  3 fungi
  A lurking horror (Abyss:3)
  10 plants
  15 starspawn tentacles
  7 tentacles
7985 creatures vanquished.

Vanquished Creatures (collateral kills)
  A daeva (Pan)
1 creature vanquished.

Vanquished Creatures (others)
  An ancient lich (Zig:7)
  A pandemonium lord (Pan)
  Vashnia (Snake:3)
  A Killer Klown (Zig:23)
  A lich (Geh:7)
  10 deep elf master archers
  A death cob (Zot:5)
  3 eldritch tentacles
  A fire giant (Depths:2)
  An elemental wellspring (Coc:3)
  4 stone giants
  2 deep elf annihilators
  A green death (Pan)
  4 yaktaur captains
  A rakshasa (Pan)
  An ogre mage (Vaults:1)
  4 centaur warriors
  A dancing weapon (Zig:26)
  2 alligators (Zig:22)
  A merfolk aquamancer (Shoals:1)
  3 hell hogs
  4 satyrs
  4 naga sharpshooters
  2 spriggans (Zig:22)
  A deep elf knight (Elf:2)
  A sixfirhy (Pan)
  A torturous demonspawn (Pan)
  2 death drakes (Zig:22)
  5 deep elf archers
  A deep elf mage (Elf:1)
  6 fauns
  5 cyclopes
  An ugly thing (D:14)
  A moth of wrath (Zig:25)
  A stone giant skeleton (Tomb:2)
  2 spiny frogs (Zig:22)
  A smoke demon (Pan)
  A hellwing (Pan)
  11 yaktaurs
  A tengu simulacrum (Zig:11)
  3 hornets (Zig:22)
  A tyrant leech (Zig:18)
  17 flying skulls
  A chaos spawn (Pan)
  A hog (shapeshifter) (Zig:20)
  A vampire mosquito (Zig:22)
  An insubstantial wisp (Zig:22)
  A naga (Snake:2)
  A warg (Vaults:2)
  A large abomination (Pan)
  A hell hound (Geh:2)
  An orc warrior (Depths:5)
  2 necrophages
  7 centaurs
  4 wights
  2 iron imps (Dis:7)
  A hell rat (Hell)
  A mummy (Tomb:2)
  5 ball lightnings (Pan)
  An orc (Vaults:1)
  3 briar patches (Zig:18)
  15 bushes (Lair:6)
  A crawling corpse (Zig:26)
  2 demonic plants (Pan)
  60 fungi
  2 lurking horrors (Abyss:3)
  53 plants
  29 starspawn tentacles
  16 tentacles
  2 withered plants (Ossuary)
332 creatures vanquished.

Grand Total: 8318 creatures vanquished

Notes
Turn   | Place    | Note
-------+----------+-------------------------------------------
     0 | D:1      | Kairos the Vine Stalker Fighter began the quest for the
                  | Orb.
     0 | D:1      | Reached XP level 1. HP: 11/11 MP: 2/2
    19 | D:1      | Reached XP level 2. HP: 9/16 MP: 3/3
   266 | D:1      | Reached XP level 3. HP: 17/20 MP: 2/4
   945 | D:2      | Gained mutation: Your natural rate of healing is unusually
                  | fast. [Vine Stalker growth]
   945 | D:2      | Reached XP level 4. HP: 11/24 MP: 2/5
   987 | D:2      | Found a shadowy altar of Dithmenos.
   991 | D:2      | Found a shimmering altar of Xom.
  1106 | D:2      | Reached XP level 5. HP: 18/28 MP: 3/6
  1682 | D:3      | Found a basalt altar of Yredelemnul.
  1689 | D:3      | Found an ancient bone altar of Kikubaaqudgha.
  1701 | D:3      | Noticed Natasha
  1710 | D:3      | Killed Natasha
  1745 | D:3      | Noticed Natasha
  1755 | D:3      | Killed Natasha
  1788 | D:3      | Noticed Natasha
  1797 | D:3      | Killed Natasha
  1797 | D:3      | Reached XP level 6. HP: 28/32 MP: 5/7
  2101 | D:3      | Found a blossoming altar of Fedhas.
  2124 | D:3      | Reached skill level 1 in Dodging
  2357 | D:4      | Noticed a phantom
  2378 | D:4      | Killed a phantom
  2396 | D:4      | Found a roughly hewn altar of Beogh.
  2411 | D:4      | Reached XP level 7. HP: 36/36 MP: 8/8
  2464 | D:4      | Found Zoeben's Jewellery Shop.
  2475 | D:4      | Bought a +1 ring of slaying for 66 gold pieces
  2475 | D:4      | Bought a +1 ring of evasion for 33 gold pieces
  2495 | D:4      | Reached skill level 1 in Stealth
  2581 | D:4      | Found Hamirgh's Antique Weapon Shop.
  2589 | D:4      | Bought a glowing war axe for 117 gold pieces
  2730 | D:4      | Found Patrepn's Distillery.
  2963 | D:5      | Entered Level 5 of the Dungeon
  2977 | D:5      | Found a staircase to the Ecumenical Temple.
  3127 | D:5      | Reached skill level 5 in Axes
  3133 | D:5      | Noticed Ijyb
  3215 | D:5      | Found an opulent altar of Gozag.
  3287 | D:5      | Killed Ijyb
  3365 | D:5      | Gained mutation: You have razor-sharp teeth. [Vine Stalker
                  | growth]
  3365 | D:5      | Reached XP level 8. HP: 25/42 MP: 6/9
  3405 | D:5      | Found a shattered altar of Ashenzari.
  3493 | Temple   | Entered the Ecumenical Temple
  3566 | Temple   | Became a worshipper of Warmaster Okawaru
  3866 | D:6      | Found an ornate altar of the Wu Jian Council.
  4511 | D:7      | Reached skill level 5 in Shields
  4574 | D:7      | Reached * piety under Okawaru
  4586 | D:7      | Found a sand-covered staircase.
  4591 | Ossuary  | Entered an ossuary
  4656 | Ossuary  | Reached XP level 9. HP: 43/45 MP: 10/10
  4913 | D:7      | Noticed a moth of wrath
  4916 | D:7      | Found a bloodstained altar of Trog.
  5119 | D:7      | Reached ** piety under Okawaru
  5429 | D:7      | Found an ornate altar of the Wu Jian Council.
  5632 | D:7      | Reached skill level 1 in Invocations
  6252 | D:8      | Found Kodics's General Store.
  6322 | D:8      | Reached skill level 5 in Armour
  6376 | D:8      | Reached *** piety under Okawaru
  6380 | D:8      | Reached skill level 5 in Fighting
  6396 | D:8      | Noticed Psyche
  6410 | D:8      | Reached XP level 10. HP: 51/51 MP: 11/11
  6557 | D:8      | Reached **** piety under Okawaru
  6558 | D:8      | Found a staircase to the Lair.
  6565 | D:8      | Cast into level 1 of the Abyss (Psyche)
  6566 | Abyss:1  | Found a corrupted altar of Lugonu.
  6586 | Abyss:1  | Noticed a spatial maelstrom
  6659 | Abyss:1  | Noticed a wretched star
  6664 | Abyss:1  | Noticed a vampire mage
  6690 | Abyss:1  | Noticed a phantasmal warrior
  6694 | Abyss:1  | Noticed a lich
  6700 | Abyss:1  | Noticed an orange demon
  6705 | Abyss:1  | Killed a lich
  6705 | Abyss:1  | Reached ***** piety under Okawaru
  6705 | Abyss:1  | Reached skill level 1 in Evocations
  6707 | D:8      | Escaped the Abyss
  6711 | D:8      | Killed Psyche
  6711 | D:8      | Reached skill level 10 in Axes
  6711 | D:8      | Reached XP level 11. HP: 56/56 MP: 13/13
  6805 | D:8      | Found a burning altar of Makhleb.
  6805 | D:8      | Found a radiant altar of Vehumet.
  6920 | D:8      | Found Waigof's Food Emporium.
  6921 | D:8      | Found the +2 pair of boots of the Assassin {Detection Stab+
                  | Stlth++}
  7022 | D:8      | Found Ala Refi's Weapon Shoppe.
  7189 | D:8      | Found Taez's Weapon Emporium.
  7494 | Lair:1   | Entered Level 1 of the Lair of Beasts
  7525 | Lair:1   | Noticed Fannar
  7561 | Lair:1   | Killed Fannar
  7598 | Lair:1   | Found a glowing golden altar of the Shining One.
  7640 | Lair:1   | Noticed Gastronok
  7672 | Lair:1   | Killed Gastronok
  7672 | Lair:1   | Received a gift from Okawaru
  7678 | Lair:1   | Got a polished buckler {god gift}
  7689 | Lair:1   | Identified the +0 buckler "Gocuzubb" {+Blink Regen+ Dex+6}
                  | (Okawaru gifted it to you on level 1 of the Lair of Beasts)
  7850 | Lair:1   | Noticed Harold
  7874 | Lair:1   | Killed Harold
  8108 | Lair:2   | Gained mutation: You heal very quickly. [Vine Stalker
                  | growth]
  8108 | Lair:2   | Reached XP level 12. HP: 62/62 MP: 14/14
  8240 | Lair:2   | Noticed a six-headed hydra
  8599 | Lair:2   | Found a shadowy altar of Dithmenos.
  9038 | Lair:3   | Received a gift from Okawaru
  9071 | Lair:3   | Identified a +1 pair of boots of running (Okawaru gifted it
                  | to you on level 3 of the Lair of Beasts)
  9873 | Lair:4   | Noticed Snorg
  9893 | Lair:4   | Killed Snorg
  9953 | Lair:4   | Noticed a death yak
  9953 | Lair:4   | Noticed a death yak
  9954 | Lair:4   | Noticed a death yak
  9954 | Lair:4   | Noticed a death yak
  9954 | Lair:4   | Noticed a death yak
 10207 | Lair:4   | Found a staircase to the Snake Pit.
 10419 | Lair:4   | Noticed Nessos
 10444 | Lair:4   | HP: 3/64 [poisoned by Nessos]
 10544 | Lair:4   | Found a staircase to the Shoals.
 10599 | Lair:4   | Killed Nessos
 10599 | Lair:4   | Reached XP level 13. HP: 68/68 MP: 15/15
 10794 | Lair:4   | Received a gift from Okawaru
 10797 | Lair:4   | Got a dazzling helmet {god gift}
 10808 | Lair:4   | Identified the +0 helmet of the Armoured One {+Inv rF-
                  | rN+++} (Okawaru gifted it to you on level 4 of the Lair of
                  | Beasts)
 10897 | Lair:5   | Identified a scroll of acquirement
 11015 | Lair:5   | Found a runed door.
 11015 | Lair:5   | Noticed Ruracw's ghost (journeyman DEFE)
 11504 | Lair:5   | Killed Ruracw's ghost
 11504 | Lair:5   | HP: 3/68 [burnt (1)]
 11509 | Lair:5   | HP: 2/68 [poisoned by Ruracw's ghost]
 11613 | Lair:6   | Entered Level 6 of the Lair of Beasts
 11650 | Lair:6   | Found a runed door.
 11667 | Lair:6   | Found a viscous altar of Jiyva.
 11667 | Lair:6   | Found a staircase to the Slime Pits.
 11667 | Lair:6   | Noticed an azure jelly
 11667 | Lair:6   | Noticed an azure jelly
 11667 | Lair:6   | Noticed an azure jelly
 11811 | Lair:6   | Noticed Sonja
 11828 | Lair:6   | Cast into level 2 of the Abyss (Sonja)
 11838 | Abyss:2  | Noticed a tentacled starspawn
 11841 | Abyss:2  | Gained mutation: You are dopey. (Int -2) [a neqoxec]
 11847 | Abyss:2  | Noticed a starcursed mass
 11937 | Abyss:2  | Noticed a rakshasa
 11943 | Abyss:2  | Noticed an eidolon
 11950 | Abyss:2  | Killed an eidolon
 11950 | Abyss:2  | Reached skill level 10 in Shields
 11962 | Abyss:2  | Killed a rakshasa
 12139 | Abyss:2  | Noticed a tentacled starspawn
 12151 | Abyss:2  | Killed a tentacled starspawn
 12219 | Abyss:2  | Received a gift from Okawaru
 12231 | Abyss:2  | Got an ichor-stained crystal plate armour {god gift}
 12233 | Lair:6   | Escaped the Abyss
 12288 | Lair:5   | Identified the +10 crystal plate armour of Qucwod {Slay+2}
                  | (Okawaru gifted it to you on level 2 of the Abyss)
 12381 | Lair:6   | Reached XP level 14. HP: 71/74 MP: 17/17
 12553 | Lair:5   | Got a jewelled broad axe
 12554 | Lair:5   | Identified the +6 broad axe of the Depths {freeze, rC- MP+9
                  | Str+10 Dex-4} (You acquired it on level 5 of the Lair of
                  | Beasts)
 12720 | Lair:6   | Received a gift from Okawaru
 13281 | Lair:6   | Killed Sonja
 13565 | Snake:1  | Entered Level 1 of the Snake Pit
 13565 | Snake:1  | Noticed a nagaraja
 13587 | Snake:1  | Killed a nagaraja
 13589 | Snake:1  | Noticed Frances
 13657 | Lair:4   | Killed Frances
 14064 | Snake:1  | Reached skill level 15 in Axes
 14064 | Snake:1  | Reached XP level 15. HP: 72/80 MP: 19/19
 14093 | Snake:1  | Noticed Roxanne
 14102 | Snake:1  | Reached ****** piety under Okawaru
 14102 | Snake:1  | Reached skill level 10 in Fighting
 14375 | Lair:4   | Lost mutation: You are dopey. (Int -2) [potion of mutation]
 14375 | Lair:4   | Gained mutation: Your flesh is cold resistant. (rC+)
                  | [potion of mutation]
 14375 | Lair:4   | Gained mutation: You occasionally shout uncontrollably at
                  | your foes. [potion of mutation]
 14375 | Lair:4   | Gained mutation: You can translocate small distances at
                  | will. [potion of mutation]
 14376 | Lair:4   | Lost mutation: You can translocate small distances at will.
                  | [potion of mutation]
 14376 | Lair:4   | Lost mutation: You occasionally shout uncontrollably at
                  | your foes. [potion of mutation]
 14376 | Lair:4   | Lost mutation: Your flesh is cold resistant. (rC+) [potion
                  | of mutation]
 14376 | Lair:4   | Gained mutation: You expend magic power (3 MP) to
                  | strengthen your wands. [potion of mutation]
 14376 | Lair:4   | Gained mutation: You have an increased reservoir of magic.
                  | (+10% MP) [potion of mutation]
 14377 | Lair:4   | Lost mutation: You expend magic power (3 MP) to strengthen
                  | your wands. [potion of mutation]
 14377 | Lair:4   | Lost mutation: You have an increased reservoir of magic.
                  | (+10% MP) [potion of mutation]
 14377 | Lair:4   | Gained mutation: You tend to lose your temper in combat.
                  | [potion of mutation]
 14377 | Lair:4   | Gained mutation: Your flesh is cold resistant. (rC+)
                  | [potion of mutation]
 14378 | Lair:4   | Lost mutation: You tend to lose your temper in combat.
                  | [potion of mutation]
 14378 | Lair:4   | Gained mutation: You occasionally shout uncontrollably at
                  | your foes. [potion of mutation]
 14378 | Lair:4   | Gained mutation: Your flesh is very cold resistant. (rC++)
                  | [potion of mutation]
 14458 | Shoals:1 | Entered Level 1 of the Shoals
 14472 | Shoals:1 | Received a gift from Okawaru
 14925 | Shoals:1 | Received a gift from Okawaru
 15213 | Shoals:1 | Found Kofu Hai's Food Shoppe.
 15697 | Shoals:2 | Reached XP level 16. HP: 83/86 MP: 20/20
 15840 | Shoals:2 | Received a gift from Okawaru
 16830 | Shoals:4 | Entered Level 4 of the Shoals
 16894 | Shoals:4 | Reached skill level 10 in Armour
 17212 | Shoals:4 | Received a gift from Okawaru
 17239 | Shoals:4 | Got a barnacled rune of Zot
 17330 | Shoals:4 | Found the -2 hat of the Alchemist {rElec rPois rF+ rC+ rN+
                  | MR+ rMut rCorr}
 17554 | Shoals:4 | Received a gift from Okawaru
 17702 | Shoals:4 | Got a faintly glowing battleaxe
 17708 | Shoals:4 | Identified the +3 battleaxe of Conscience {drain, *Slow
                  | rElec Str+4} (You found it on level 4 of the Shoals)
 17977 | Snake:1  | Found an iron altar of Okawaru.
 18213 | Snake:1  | Reached XP level 17. HP: 89/91 MP: 21/21
 18500 | Snake:2  | Received a gift from Okawaru
 19134 | Snake:3  | Found a runed door.
 19512 | Snake:3  | Noticed emiel's ghost (adept BaTm)
 19770 | Snake:3  | Noticed Vashnia
 19803 | Snake:3  | Killed Vashnia
 19943 | Snake:4  | Entered Level 4 of the Snake Pit
 20111 | Snake:4  | Reached skill level 5 in Invocations
 20575 | Snake:4  | Received a gift from Okawaru
 20690 | Snake:4  | Reached XP level 18. HP: 98/98 MP: 22/22
 20702 | Snake:4  | Received a gift from Okawaru
 20716 | Snake:4  | Got a polished hat {god gift}
 20744 | Snake:4  | Identified the -1 hat of the Sparrow {*Contam rPois rC+
                  | Int+3} (Okawaru gifted it to you on level 4 of the Snake
                  | Pit)
 20800 | Snake:4  | Got a serpentine rune of Zot
 20959 | Snake:4  | Reached skill level 15 in Shields
 21139 | Snake:3  | Found a runed door.
 21163 | Snake:3  | Killed emiel's ghost
 22054 | Snake:1  | Killed Roxanne
 22055 | Snake:1  | Identified Roxanne's Volume of Shape Shifting (You took it
                  | off Roxanne on level 1 of the Snake Pit)
 22348 | D:9      | Found Garug's Armour Shoppe.
 22367 | D:9      | Found Toroux's Weapon Shop.
 22434 | D:9      | Found Kawk's General Store.
 22444 | D:9      | Bought a scroll of teleportation for 45 gold pieces
 22444 | D:9      | Bought a scroll of fog for 30 gold pieces
 22454 | D:9      | Found a shadowy altar of Dithmenos.
 22532 | D:9      | Found Ribanog's Food Emporium.
 22563 | D:9      | Found a glowing silver altar of Zin.
 22841 | D:9      | Found a sacrificial altar of Ru.
 22846 | D:9      | Found a hide-covered altar of Uskayaw.
 22914 | D:10     | Entered Level 10 of the Dungeon
 23094 | D:10     | Found Qekhacopp's Book Emporium.
 23620 | D:11     | Found a staircase to the Orcish Mines.
 23888 | D:11     | Found a portal to a secret trove of treasure.
 24113 | Orc:1    | Entered Level 1 of the Orcish Mines
 24422 | Orc:1    | Found a roughly hewn altar of Beogh.
 24465 | Orc:2    | Entered Level 2 of the Orcish Mines
 24516 | Orc:2    | Found a labyrinth entrance.
 24529 | Lab      | Entered a labyrinth
 24905 | Lab      | Identified Ucacuumm's Almanac of Conjuration
 25127 | Orc:2    | Noticed Blork the orc
 25332 | Orc:2    | Killed Blork the orc
 25332 | Orc:2    | Received a gift from Okawaru
 25341 | Orc:2    | Found a roughly hewn altar of Beogh.
 25346 | Orc:2    | Found Qaidim's Antique Weapon Emporium.
 25346 | Orc:2    | Noticed Urug
 25358 | Orc:2    | Killed Urug
 25442 | Orc:2    | Found a staircase to the Elven Halls.
 25726 | Orc:2    | Found Furamuiv's Antique Armour Emporium.
 25741 | Orc:2    | Found Casil's Jewellery Emporium.
 25780 | Orc:2    | Found Huzohets's General Store.
 25954 | Elf:1    | Entered Level 1 of the Elven Halls
 26282 | Elf:1    | Noticed Louise
 26284 | Elf:1    | Reached XP level 19. HP: 104/104 MP: 24/24
 26301 | Elf:1    | Killed Louise
 26991 | Elf:2    | Found an ancient bone altar of Kikubaaqudgha.
 27029 | Elf:2    | Found Zobo's Armour Shop.
 27127 | Elf:2    | Found Hutsaq's General Store.
 27140 | Elf:2    | Bought a scroll of enchant weapon for 120 gold pieces
 27176 | Elf:2    | Found Bohuefi's Food Emporium.
 27207 | Elf:2    | Found a huge runed gate.
 27207 | Elf:2    | Found a huge runed gate.
 27207 | Elf:2    | Found a huge runed gate.
 27395 | Elf:2    | Received a gift from Okawaru
 27581 | Elf:3    | Entered Level 3 of the Elven Halls
 27581 | Elf:3    | Found Appiaxen's Book Boutique.
 27628 | Elf:3    | Found Towaciz's General Store.
 27630 | Elf:3    | Found Aleu's Assorted Antiques.
 27641 | Elf:3    | Bought a potion of might for 64 gold pieces
 27641 | Elf:3    | Bought a scroll of identify for 32 gold pieces
 27652 | Elf:3    | Bought a scroll labeled HOILUTH TAJA for 21 gold pieces
 27652 | Elf:3    | Bought a pair of smoking boots for 199 gold pieces
 27685 | Elf:3    | Identified the +1 pair of boots "Diliq" {MR- Regen+ Dex+6}
                  | (You bought it in a shop on level 3 of the Elven Halls)
 27811 | Elf:3    | Noticed Nikola
 27824 | Elf:3    | Killed Nikola
 27899 | Elf:3    | Found Jeep's Food Shoppe.
 27948 | Elf:3    | Found Iliogrupua's Antique Armour Shop.
 28076 | Elf:3    | Received a gift from Okawaru
 28079 | Elf:3    | Reached XP level 20. HP: 86/111 MP: 25/25
 28279 | Elf:3    | Cast into level 3 of the Abyss (a deep elf sorcerer)
 28392 | Abyss:3  | Noticed a bone dragon
 28407 | Abyss:3  | Killed a bone dragon
 28569 | Abyss:3  | Paralysed by accursed screaming for 1 turns
 28584 | Abyss:3  | Paralysed by accursed screaming for 2 turns
 28610 | Abyss:3  | Noticed a lich
 28638 | Abyss:3  | Killed a lich
 28790 | Abyss:3  | Got an abyssal rune of Zot
 28817 | Abyss:3  | Received a gift from Okawaru
 28879 | Abyss:3  | Noticed an ancient lich
 28881 | Abyss:3  | Paralysed by accursed screaming for 1 turns
 28912 | Abyss:3  | Killed an ancient lich
 29019 | Abyss:3  | Reached skill level 15 in Fighting
 29032 | Abyss:3  | Received a gift from Okawaru
 29150 | Abyss:3  | Reached XP level 21. HP: 85/117 MP: 26/26
 29387 | Abyss:3  | Paralysed by you for 7 turns
 29431 | Abyss:3  | Noticed a bone dragon
 29454 | Abyss:3  | Killed a bone dragon
 29497 | Elf:3    | Escaped the Abyss
 29514 | Elf:3    | Received a gift from Okawaru
 29554 | Elf:3    | Found the +7 longbow "Piercer" {penet, EV-2}
 29625 | Elf:3    | Found the +6 arbalest "Damnation" {damnation}
 29655 | Elf:3    | Identified the Tome of Cold and Arcane Weapons
 29747 | Elf:3    | Identified the Incunabulum of Vitriolic Air
 30220 | Orc:2    | Bought a scroll of enchant armour for 90 gold pieces
 30220 | Orc:2    | Bought a scroll of identify for 24 gold pieces
 30284 | Orc:2    | Bought a +4 ring of slaying for 1404 gold pieces
 30602 | D:12     | Found Zeosas's Jewellery Shop.
 30610 | D:12     | Bought a cursed -2 ring of dexterity for 34 gold pieces
 31732 | D:13     | Received a gift from Okawaru
 31764 | D:13     | Found a gate to the Vaults.
 32006 | D:13     | Found a hide-covered altar of Uskayaw.
 32495 | Vaults:1 | Entered Level 1 of the Vaults
 33045 | Vaults:1 | Found a runed gate.
 33079 | Vaults:1 | Received a gift from Okawaru
 33095 | Vaults:1 | Reached XP level 22. HP: 125/125 MP: 28/28
 33218 | Vaults:1 | Found a runed gate.
 33218 | Vaults:1 | Found a runed gate.
 33218 | Vaults:1 | Noticed Duvuownu's ghost (adept NaTm)
 33228 | Vaults:1 | Found Pyned Ybe's Magic Scroll Boutique.
 33233 | Vaults:1 | Bought a scroll of fear for 66 gold pieces
 33233 | Vaults:1 | Bought a scroll of fear for 66 gold pieces
 33233 | Vaults:1 | Bought 3 scrolls of blinking for 427 gold pieces
 33233 | Vaults:1 | Bought a scroll of fear for 66 gold pieces
 33233 | Vaults:1 | Bought a scroll of holy word for 142 gold pieces
 33233 | Vaults:1 | Bought a scroll of magic mapping for 66 gold pieces
 33525 | Vaults:1 | Found a roughly hewn altar of Beogh.
 33559 | Vaults:1 | Killed Duvuownu's ghost
 33758 | Vaults:2 | Received a gift from Okawaru
 34424 | Vaults:2 | Found a staircase to the Crypt.
 34548 | Vaults:2 | Found a radiant altar of Vehumet.
 34549 | Vaults:2 | Found the +3 robe of Clouds {+Fly rElec}
 34620 | Vaults:2 | Found Liwatearchu's Antique Weapon Boutique.
 34638 | Vaults:2 | Noticed Mara
 34640 | Vaults:2 | Noticed Kairos's illusion
 34653 | Vaults:2 | Noticed Kairos's illusion
 34665 | Vaults:2 | Killed Mara
 34842 | D:12     | Bought the amulet of Neqyirr {Reflect rElec MR- Str+9 SH+5
                  | Stlth-} for 1164 gold pieces
 35026 | Elf:2    | Bought the +2 cloak of the Wild Haggis {+Inv MR+++ Str-2
                  | Int-5} for 400 gold pieces
 35319 | Vaults:3 | Noticed Xtahua
 35329 | Vaults:3 | Killed Xtahua
 35335 | Vaults:3 | Noticed Jory
 35350 | Vaults:3 | Killed Jory
 35454 | Vaults:3 | Reached XP level 23. HP: 131/131 MP: 29/29
 35673 | Vaults:3 | Found a runed gate.
 35673 | Vaults:3 | Found a runed gate.
 35674 | Vaults:3 | Found a runed gate.
 35675 | Vaults:3 | Noticed Xiraoc's ghost (adept MfGl)
 35917 | Vaults:3 | Noticed Sojobo
 35922 | Vaults:3 | Killed Sojobo
 36196 | Vaults:3 | Received a gift from Okawaru
 36208 | Vaults:3 | Got an iridescent broad axe {god gift}
 36209 | Vaults:3 | Identified the +8 broad axe "Worm's Wrath" {antimagic,
                  | rPois} (Okawaru gifted it to you on level 3 of the Vaults)
 36351 | Vaults:3 | Found an iron altar of Okawaru.
 36373 | Vaults:3 | Killed Xiraoc's ghost
 36386 | Vaults:3 | Identified Sif Muna's Volume of Lucky Cold
 36390 | Vaults:3 | Identified the +1 chain mail of the Black Moon {rF- Dex+4
                  | Stlth+} (You found it on level 3 of the Vaults)
 36456 | Vaults:4 | Found Figimaa's Assorted Antiques.
 36495 | Vaults:4 | Found Oxoocaatwa's Assorted Antiques.
 36503 | Vaults:4 | Reached skill level 5 in Evocations
 36532 | Vaults:4 | Found Bauhunopp's Assorted Antiques.
 36552 | Vaults:4 | Bought a potion of curing for 93 gold pieces
 36888 | Vaults:4 | Received a gift from Okawaru
 37607 | Vaults:5 | Entered Level 5 of the Vaults
 37621 | Vaults:5 | Noticed a golden dragon
 37626 | Vaults:5 | Received a gift from Okawaru
 37627 | Vaults:5 | Reached XP level 24. HP: 138/139 MP: 29/29
 37657 | Vaults:5 | Got a crude broad axe {god gift}
 37658 | Vaults:5 | Identified the +1 broad axe "Newtbane" {flame, rC+ rN+}
                  | (Okawaru gifted it to you on level 5 of the Vaults)
 37771 | Vaults:5 | Received a gift from Okawaru
 37785 | Vaults:5 | Reached skill level 5 in Stealth
 37899 | Vaults:5 | Noticed an ancient lich
 37916 | Vaults:5 | Killed an ancient lich
 37916 | Vaults:5 | Received a gift from Okawaru
 37917 | Vaults:5 | Found Puxzeul's Antique Weapon Shoppe.
 37963 | Vaults:5 | Got a pair of heavily runed boots {god gift}
 37974 | Vaults:5 | Identified the +1 pair of boots "Hero's Friend" {rF++ rC+}
                  | (Okawaru gifted it to you on level 5 of the Vaults)
 38399 | Vaults:5 | Reached XP level 25. HP: 125/145 MP: 30/30
 38453 | Vaults:5 | Found Safokimu's Gadget Shop.
 38511 | Vaults:5 | Found Pifen's Gadget Boutique.
 38709 | Vaults:5 | Received a gift from Okawaru
 38714 | Vaults:5 | Got a pair of spiked boots {god gift}
 38736 | Vaults:4 | Identified the +0 pair of boots "Casemios" {rElec} (Okawaru
                  | gifted it to you on level 5 of the Vaults)
 38907 | Vaults:5 | Found Mutodgh's Distillery.
 38919 | Vaults:5 | Found Ciokk's Distillery.
 38923 | Vaults:5 | Got a silver rune of Zot
 38931 | Vaults:5 | Bought a potion of curing for 57 gold pieces
 38976 | Vaults:5 | Found Tuperuh's Distillery.
 38982 | Vaults:5 | Bought a potion of curing for 63 gold pieces
 38982 | Vaults:5 | Bought a potion of haste for 210 gold pieces
 38982 | Vaults:5 | Bought a potion of curing for 63 gold pieces
 39468 | D:11     | You paid a toll of a +6 demon blade to enter a treasure
                  | trove
 39469 | Trove    | Entered a treasure trove
 39488 | Trove    | Got faintly glowing gold dragon scales
 39491 | Trove    | Got a pair of shimmering boots
 39573 | Trove    | Identified the +0 pair of boots "Xutrit" {rElec rC- Int+9
                  | Dex-3} (You found it in a treasure trove)
 39583 | Trove    | Identified the +9 gold dragon scales of Zoxzioze {-Tele
                  | rPois rF+ rC+ rN+++ Str+7} (You found it in a treasure
                  | trove)
 39986 | Crypt:1  | Entered Level 1 of the Crypt
 40176 | D:14     | Noticed Agnes
 40187 | D:14     | Killed Agnes
 40416 | D:14     | Found a shimmering altar of Xom.
 40665 | D:14     | Identified the Grimoire of the Thirsty Ghosts
 40889 | D:15     | Entered Level 15 of the Dungeon
 41156 | D:15     | Found a runed gate.
 41186 | D:15     | Found a runed gate.
 41188 | D:15     | Found a runed gate.
 41188 | D:15     | Found an opulent altar of Gozag.
 41363 | D:15     | Found a staircase to the Depths.
 41621 | D:15     | Found Fom Esim's Assorted Antiques.
 41683 | D:15     | Noticed Phong's ghost (journeyman FoFi)
 41695 | D:15     | Killed Phong's ghost
 41696 | D:15     | Received a gift from Okawaru
 41783 | Depths:1 | Entered Level 1 of the Depths
 41798 | Depths:1 | Noticed a juggernaut
 41803 | Depths:1 | Reached skill level 10 in Evocations
 41810 | Depths:1 | Killed a juggernaut
 41810 | Depths:1 | Received a gift from Okawaru
 41810 | Depths:1 | Reached XP level 26. HP: 100/152 MP: 31/31
 41943 | Depths:1 | Found a gateway to a ziggurat.
 42060 | Depths:1 | Found a gateway to Hell.
 42298 | Depths:1 | Found a one-way gate to the infinite horrors of the Abyss.
 42433 | Depths:2 | Received a gift from Okawaru
 42663 | Depths:2 | Received a gift from Okawaru
 42686 | Depths:2 | Found a runed gate.
 42686 | Depths:2 | Found a runed gate.
 42693 | Depths:2 | Noticed Ozeaf's ghost (veteran DEHu)
 42694 | Depths:2 | Found a runed gate.
 42792 | Depths:2 | Found a one-way gate leading to the halls of Pandemonium.
 42863 | Depths:2 | Found Xaxiod's Jewellery Shoppe.
 42865 | Depths:2 | Found Kinuciz's Gadget Boutique.
 42866 | Depths:2 | Found Virchebim's Jewellery Shoppe.
 42871 | Depths:2 | Bought a cursed -6 ring of protection for 32 gold pieces
 42929 | Depths:2 | Identified the ring "Zuecrur" {*Tele *Slow rElec rC++ MR+}
                  | (You took it off a vampire mage on level 2 of the Depths)
 43016 | Depths:2 | Paralysed by a floating eye for 4 turns
 43044 | Depths:2 | Received a gift from Okawaru
 43556 | Depths:3 | Reached skill level 10 in Invocations
 43655 | Depths:3 | Reached XP level 27. HP: 158/158 MP: 32/32
 43691 | Depths:3 | Noticed a juggernaut
 43703 | Depths:3 | Killed a juggernaut
 43703 | Depths:3 | Received a gift from Okawaru
 44229 | Depths:4 | Received a gift from Okawaru
 44257 | Depths:4 | Noticed a juggernaut
 44259 | Depths:4 | Identified the +9 hand crossbow of Eddot {elec, MR+}
                  | (Okawaru gifted it to you on level 4 of the Depths)
 44268 | Depths:4 | Killed a juggernaut
 44307 | Depths:4 | Received a gift from Okawaru
 44942 | Depths:5 | Entered Level 5 of the Depths
 44942 | Depths:5 | Noticed Saint Roka
 44957 | Depths:5 | Killed Saint Roka
 44974 | Depths:5 | Received a gift from Okawaru
 45318 | Depths:5 | Found Ethroczuts's Armour Boutique.
 45318 | Depths:5 | Found Kalegen's Weapon Shop.
 45375 | Depths:5 | Found a gate to the Realm of Zot.
 45605 | Hell     | Entered the Vestibule of Hell
 45605 | Hell     | Noticed Geryon
 45635 | Hell     | Killed Geryon
 45860 | Hell     | Found a gateway to the Iron City of Dis.
 45907 | Hell     | Found a gateway to the freezing wastes of Cocytus.
 45991 | Hell     | Found a gateway to the decaying netherworld of Tartarus.
 46065 | Hell     | Found a gateway to the ashen valley of Gehenna.
 46318 | Geh:1    | Entered Level 1 of Gehenna
 46338 | Geh:1    | Received a gift from Okawaru
 47104 | Geh:4    | Received a gift from Okawaru
 47589 | Geh:7    | Entered Level 7 of Gehenna
 47749 | Geh:7    | Received a gift from Okawaru
 48411 | Geh:7    | Got an ancient turquoise ring
 48424 | Geh:7    | Identified the cursed ring of Mistrust {rF+ rN+ EV-3 Int+4}
                  | (You took it off a balrug on level 7 of Gehenna)
 48433 | Geh:7    | Got a shimmering platinum ring
 48434 | Geh:7    | Identified the ring of Gaocaemy {rC+ MP+9 Dex+2} (You found
                  | it on level 7 of Gehenna)
 48479 | Geh:7    | Noticed Asmodeus
 48500 | Geh:7    | Killed Asmodeus
 48517 | Geh:7    | Got an obsidian rune of Zot
 48850 | Coc:1    | Entered Level 1 of Cocytus
 49036 | Coc:3    | Received a gift from Okawaru
 49924 | Coc:5    | Reached skill level 15 in Evocations
 50256 | Coc:6    | Found a huge runed gate.
 50256 | Coc:6    | Found a huge runed gate.
 50256 | Coc:6    | Found a huge runed gate.
 50256 | Coc:6    | Found a huge runed gate.
 50257 | Coc:6    | Found a huge runed gate.
 50258 | Coc:6    | Found a huge runed gate.
 50259 | Coc:6    | Found a huge runed gate.
 50261 | Coc:6    | Found a huge runed gate.
 50272 | Coc:6    | Found a huge runed gate.
 50273 | Coc:6    | Found a huge runed gate.
 50275 | Coc:6    | Received a gift from Okawaru
 50276 | Coc:6    | Found the +10 large shield of Ignorance {rN+ Int-4}
 50281 | Coc:6    | Found a huge runed gate.
 50298 | Coc:6    | Reached skill level 15 in Armour
 50301 | Coc:6    | Found a huge runed gate.
 50303 | Coc:6    | Found a huge runed gate.
 50325 | Coc:6    | Found a huge runed gate.
 50650 | Coc:7    | Entered Level 7 of Cocytus
 50770 | Coc:7    | Reached skill level 27 in Shields
 50930 | Coc:7    | Received a gift from Okawaru
 51085 | Coc:7    | Identified the Volume of Creation and Flames
 51228 | Coc:7    | Received a gift from Okawaru
 51504 | Coc:7    | Identified the +4 triple sword of Soutoixt {antimagic,
                  | Str+2 SInv} (You took it off a skeletal warrior on level 7
                  | of Cocytus)
 51515 | Coc:7    | Noticed Antaeus
 51557 | Coc:7    | Killed Antaeus
 51557 | Coc:7    | Received a gift from Okawaru
 51569 | Coc:7    | Got an icy rune of Zot
 51699 | Hell     | Gained mutation: You are weak. (Str -2) [mutagenic glow]
 51789 | Tar:1    | Entered Level 1 of Tartarus
 52062 | Tar:1    | You fall through a shaft!
 52062 | Tar:2    | Noticed an ancient lich
 52077 | Tar:3    | Received a gift from Okawaru
 52078 | Tar:3    | Killed an ancient lich
 52108 | Tar:3    | Received a gift from Okawaru
 52518 | Tar:7    | Entered Level 7 of Tartarus
 52731 | Tar:7    | Noticed an ancient lich
 52731 | Tar:7    | Noticed an ancient lich
 52738 | Tar:7    | Killed an ancient lich
 52742 | Tar:7    | Killed an ancient lich
 52767 | Tar:7    | Identified the Papyrus of Lethal Necromancy
 53163 | Tar:7    | Noticed Ereshkigal
 53186 | Tar:7    | Received a gift from Okawaru
 53221 | Tar:7    | Reached skill level 1 in Spellcasting
 53255 | Tar:7    | Killed Ereshkigal
 53419 | Tar:7    | Got a bone rune of Zot
 53726 | Tar:7    | Cast into level 2 of the Abyss (skeletal warrior)
 53764 | Tar:7    | Escaped the Abyss
 54190 | Tar:7    | Reached skill level 5 in Spellcasting
 54448 | Tar:7    | Received a gift from Okawaru
 54627 | Tar:7    | Identified the +2 plate armour of Caimor {+Inv} (You found
                  | it on level 7 of Tartarus)
 55237 | Elf:2    | Bought 20 bolts for 64 gold pieces
 56104 | Dis:1    | Entered Level 1 of the Iron City of Dis
 56463 | Dis:3    | Reached skill level 27 in Fighting
 57089 | Dis:5    | Received a gift from Okawaru
 57227 | Dis:7    | Entered Level 7 of the Iron City of Dis
 57792 | Dis:7    | Reached skill level 10 in Spellcasting
 58124 | Dis:7    | Received a gift from Okawaru
 58330 | Dis:7    | Got a faintly glowing broad axe {chop}
 58331 | Dis:7    | Identified the +5 broad axe of Midsummer {chop, rF+ SInv}
                  | (You took it off an iron imp on level 7 of the Iron City of
                  | Dis)
 58357 | Dis:7    | Noticed Dispater
 58402 | Dis:7    | Killed Dispater
 58460 | Dis:7    | Got an iron rune of Zot
 59106 | Pan      | Entered Pandemonium
 59295 | Pan      | Found a huge runed gate.
 59837 | Pan      | Noticed Kiseyfe the pandemonium lord
 59862 | Pan      | Received a gift from Okawaru
 59946 | Pan      | Killed Kiseyfe the pandemonium lord
 60031 | Pan      | Received a gift from Okawaru
 60701 | Pan      | Noticed Qiudgh the pandemonium lord
 60737 | Pan      | Killed Qiudgh the pandemonium lord
 60914 | Pan      | Got a demonic rune of Zot
 61247 | Pan      | Reached skill level 15 in Invocations
 61414 | Pan      | Found an exit through the horrors of the Abyss.
 61750 | Pan      | Received a gift from Okawaru
 61764 | Pan      | Noticed Zug Vuep the pandemonium lord
 61788 | Pan      | Killed Zug Vuep the pandemonium lord
 61940 | Pan      | Found a runed door.
 63066 | Pan      | Received a gift from Okawaru
 63188 | Pan      | Noticed Meakopna the pandemonium lord
 63197 | Pan      | Killed Meakopna the pandemonium lord
 63533 | Pan      | Reached skill level 10 in Stealth
 64109 | Pan      | Received a gift from Okawaru
 64291 | Pan      | Found an exit through the horrors of the Abyss.
 65177 | Pan      | Found an exit through the horrors of the Abyss.
 65205 | Pan      | Noticed Garol the pandemonium lord
 65222 | Pan      | Received a gift from Okawaru
 65232 | Pan      | Killed Garol the pandemonium lord
 65572 | Pan      | Noticed Oroyl the pandemonium lord
 65598 | Pan      | Killed Oroyl the pandemonium lord
 65648 | Pan      | Received a gift from Okawaru
 65750 | Pan      | Entered the realm of Lom Lobon.
 66016 | Pan      | Noticed Lom Lobon
 66090 | Pan      | Found an exit through the horrors of the Abyss.
 66572 | Pan      | Killed Lom Lobon
 66583 | Pan      | Got a magical rune of Zot
 66713 | Pan      | Reached skill level 15 in Spellcasting
 66818 | Pan      | Received a gift from Okawaru
 66943 | Pan      | Entered the realm of Cerebov.
 67048 | Pan      | Identified the ring of Canih {rN+ AC+5 Int+6} (You found it
                  | in Pandemonium)
 67505 | Pan      | Identified the Compendium of Creation
 67648 | Pan      | Noticed Cerebov
 67680 | Pan      | Killed Cerebov
 67721 | Pan      | Got a fiery rune of Zot
 68420 | Pan      | Received a gift from Okawaru
 68422 | Pan      | Noticed Nunged the pandemonium lord
 68433 | Pan      | Killed Nunged the pandemonium lord
 68473 | Pan      | Reached skill level 15 in Stealth
 68558 | Pan      | Cast into level 3 of the Abyss (demon blade of distortion)
 68599 | Abyss:3  | Found a transporter.
 68652 | Abyss:3  | Found an ornate altar of the Wu Jian Council.
 68730 | Abyss:3  | Noticed an ancient lich
 68741 | Abyss:3  | Killed an ancient lich
 68782 | Pan      | Escaped the Abyss
 68847 | Pan      | Received a gift from Okawaru
 69667 | Pan      | Noticed Jycw the pandemonium lord
 69704 | Pan      | Gained mutation: You are dopey. (Int -2) [a neqoxec]
 69713 | Pan      | Killed Jycw the pandemonium lord
 70106 | Pan      | Found an exit through the horrors of the Abyss.
 70173 | Pan      | Noticed Ywyerim the pandemonium lord
 70211 | Pan      | Killed Ywyerim the pandemonium lord
 70212 | Pan      | Received a gift from Okawaru
 70213 | Pan      | Found the +8 mithril axe "Arga" {speed, MR+}
 70699 | Pan      | Entered the realm of Mnoleg.
 70699 | Pan      | Found a basalt altar of Yredelemnul.
 70858 | Pan      | Gained mutation: Your body sometimes deteriorates upon
                  | taking damage. [a neqoxec]
 71211 | Pan      | Paralysed by a floating eye for 2 turns
 71329 | Pan      | Noticed Mnoleg
 71400 | Pan      | Killed Mnoleg
 71400 | Pan      | Received a gift from Okawaru
 71508 | Pan      | Lost mutation: You are dopey. (Int -2) [potion of mutation]
 71508 | Pan      | Lost mutation: You are weak. (Str -2) [potion of mutation]
 71508 | Pan      | Gained mutation: You have a somewhat thin skeletal
                  | structure. (Dex +2, Stealth) [potion of mutation]
 71508 | Pan      | Gained mutation: You expend magic power (3 MP) to
                  | strengthen your wands. [potion of mutation]
 71508 | Pan      | Gained mutation: You are agile. (Dex +2) [potion of
                  | mutation]
 71509 | Pan      | Lost mutation: You expend magic power (3 MP) to strengthen
                  | your wands. [potion of mutation]
 71509 | Pan      | Lost mutation: Your flesh is very cold resistant. (rC++)
                  | [potion of mutation]
 71509 | Pan      | Lost mutation: Your body sometimes deteriorates upon taking
                  | damage. [potion of mutation]
 71509 | Pan      | Lost mutation: You are agile. (Dex +2) [potion of mutation]
 71509 | Pan      | Gained mutation: You are occasionally teleported next to
                  | monsters. [potion of mutation]
 71509 | Pan      | Gained mutation: You are partially covered in rugged brown
                  | scales. (AC +1, +3% HP) [potion of mutation]
 71509 | Pan      | Gained mutation: You have a pair of small horns on your
                  | head. [potion of mutation]
 71525 | Pan      | Got a glowing rune of Zot
 71685 | Pan      | Noticed Ignacio
 71694 | Pan      | Killed Ignacio
 71869 | Pan      | Found an exit through the horrors of the Abyss.
 72040 | Pan      | Entered the realm of Gloorx Vloq.
 72111 | Pan      | Received a gift from Okawaru
 72305 | Pan      | Found an exit through the horrors of the Abyss.
 72632 | Pan      | Noticed Gloorx Vloq
 72655 | Pan      | Killed Gloorx Vloq
 72761 | Pan      | Got a dark rune of Zot
 73084 | Pan      | Noticed Dioll the pandemonium lord
 73110 | Pan      | Killed Dioll the pandemonium lord
 73697 | Pan      | Received a gift from Okawaru
 73705 | Pan      | Identified the +5 chain mail "Idodgh" {rN++ Dex-2 Stlth+}
                  | (Okawaru gifted it to you in Pandemonium)
 73757 | Pan      | Found a transporter.
 74200 | Pan      | Found a transporter.
 74441 | Pan      | Identified the ring "Elaopr Zonupn" {rPois MR+ Int+3 Dex+4}
                  | (You found it in Pandemonium)
 74454 | Pan      | Identified the ring of Heydymna {Fire rPois Str+4 Int-5
                  | Slay+4} (You found it in Pandemonium)
 74689 | Pan      | Found an exit through the horrors of the Abyss.
 75017 | Pan      | Noticed Ijiosch the pandemonium lord
 75036 | Pan      | Killed Ijiosch the pandemonium lord
 75384 | Pan      | Received a gift from Okawaru
 75937 | Pan      | Found a glowing golden altar of the Shining One.
 75937 | Pan      | Noticed a seraph
 75954 | Pan      | Killed a seraph
 75982 | Pan      | Identified Hoquwam's Almanac of Fetching Cold
 76000 | Pan      | Identified the Guide on Summoning
 76323 | Pan      | Found a glowing silver altar of Zin.
 76355 | Pan      | Received a gift from Okawaru
 76359 | Pan      | HP: 5/179 [daeva/divine providence (8)]
 77148 | Pan      | Received a gift from Okawaru
 77195 | Pan      | Found a white marble altar of Elyvilon.
 78182 | Pan      | Gained mutation: You have large cloven feet. [a cacodemon]
 78270 | Pan      | Found an exit through the horrors of the Abyss.
 78282 | Pan      | Found a huge runed gate.
 78601 | Pan      | Found an exit through the horrors of the Abyss.
 78789 | Pan      | Received a gift from Okawaru
 78889 | Pan      | Got a pair of ancient gloves {god gift}
 78895 | Pan      | Identified the +0 pair of gloves of Cabraox {+Inv rPois rC+
                  | Str-4} (Okawaru gifted it to you in Pandemonium)
 80087 | Pan      | Noticed Xooczoat the pandemonium lord
 80096 | Pan      | Killed Xooczoat the pandemonium lord
 80436 | Pan      | Found a runed door.
 80477 | Pan      | Found a runed door.
 80487 | Pan      | Found a runed door.
 80493 | Pan      | Noticed Usio the pandemonium lord
 80494 | Pan      | Found a runed door.
 80501 | Pan      | Killed Usio the pandemonium lord
 80527 | Pan      | Received a gift from Okawaru
 80606 | Pan      | Found an exit through the horrors of the Abyss.
 80634 | Pan      | Took an exit into the Abyss.
 80634 | Abyss:1  | Escaped into the Abyss
 80716 | Depths:2 | Escaped the Abyss
 81018 | Slime:1  | Entered Level 1 of the Pits of Slime
 81082 | Slime:5  | Entered Level 5 of the Pits of Slime
 81237 | Slime:5  | Received a gift from Okawaru
 81386 | Slime:5  | Gained mutation: You are frail. (-10% HP) [a shining eye]
 81445 | Slime:5  | Found a viscous altar of Jiyva.
 81498 | Slime:5  | Noticed the Royal Jelly
 81511 | Slime:5  | Killed the Royal Jelly
 81511 | Slime:5  | Reached skill level 27 in Armour
 81563 | Slime:5  | Identified the +0 large shield "Ivuganea" {+Fly MR+ Str-3
                  | SInv} (You acquired it on level 5 of the Pits of Slime)
 81606 | Slime:5  | Identified the Disquisition on Ensnaring Transformation
 81700 | Slime:5  | Got a slimy rune of Zot
 83016 | Crypt:2  | Received a gift from Okawaru
 83045 | Crypt:2  | Identified the +2 hat of Uzuiv {rN+ Str+2} (Okawaru gifted
                  | it to you on level 2 of the Crypt)
 83426 | Crypt:3  | Entered Level 3 of the Crypt
 83667 | Crypt:3  | Found an ancient bone altar of Kikubaaqudgha.
 83791 | Crypt:3  | Identified Borgnjor's Papyrus of Dark Rites
 83943 | Crypt:3  | Found a staircase to the Tomb.
 83943 | Crypt:3  | Noticed Khufu
 83952 | Crypt:3  | Killed Khufu
 84472 | Tomb:1   | Entered Level 1 of the Tomb of the Ancients
 84589 | Tomb:1   | Received a gift from Okawaru
 84962 | Tomb:1   | Noticed a greater mummy
 85114 | Tomb:1   | Killed a greater mummy
 85304 | Tomb:1   | Lost mutation: Your flesh is cold resistant. (rC+) [a Zot
                  | trap]
 85501 | Tomb:2   | Noticed a greater mummy
 85501 | Tomb:2   | Noticed a greater mummy
 85501 | Tomb:2   | Noticed a greater mummy
 85501 | Tomb:2   | Noticed a greater mummy
 85505 | Tomb:2   | Received a gift from Okawaru
 85528 | Tomb:2   | Killed a greater mummy
 85538 | Tomb:2   | Noticed a greater mummy
 85544 | Tomb:2   | Killed a greater mummy
 85554 | Tomb:1   | Killed a greater mummy
 85884 | Tomb:2   | Killed a greater mummy
 85903 | Tomb:2   | Killed a greater mummy
 85949 | Tomb:2   | Identified the +6 scimitar of Uhajugh {slice, *Slow rElec
                  | rC- Stlth+} (Okawaru gifted it to you on level 2 of the
                  | Tomb of the Ancients)
 86154 | Tomb:2   | Learned a level 3 spell: Regeneration
 86159 | Tomb:2   | Learned a level 4 spell: Passage of Golubria
 86165 | Tomb:2   | Learned a level 5 spell: Silence
 86188 | Tomb:3   | Entered Level 3 of the Tomb of the Ancients
 86235 | Tomb:3   | Received a gift from Okawaru
 86235 | Tomb:3   | Reached skill level 1 in Hexes
 86235 | Tomb:3   | Reached skill level 1 in Translocations
 86235 | Tomb:3   | Reached skill level 1 in Air Magic
 86247 | Tomb:3   | Noticed a greater mummy
 86579 | Tomb:3   | Found the +3 Elemental Staff {rElec rF++ rC++ MR++ AC+5}
 86621 | Tomb:3   | Noticed a greater mummy
 86624 | Tomb:3   | Noticed a greater mummy
 86624 | Tomb:3   | Noticed a greater mummy
 86624 | Tomb:3   | Noticed a greater mummy
 86625 | Tomb:3   | Noticed a greater mummy
 86625 | Tomb:3   | Noticed a greater mummy
 87273 | Tomb:1   | Noticed a greater mummy
 87273 | Tomb:1   | Noticed a greater mummy
 87273 | Tomb:1   | Noticed a greater mummy
 87273 | Tomb:1   | Noticed a greater mummy
 87287 | Tomb:1   | Killed a greater mummy
 87294 | Tomb:1   | Killed a greater mummy
 87310 | Tomb:1   | Killed a greater mummy
 87326 | Tomb:1   | Killed a greater mummy
 87326 | Tomb:1   | Reached skill level 5 in Dodging
 87410 | Tomb:1   | Noticed a greater mummy
 87415 | Tomb:1   | Killed a greater mummy
 87415 | Tomb:1   | Received a gift from Okawaru
 87420 | Tomb:1   | Noticed a greater mummy
 87441 | Tomb:1   | Killed a greater mummy
 87626 | Tomb:1   | Noticed a greater mummy
 87627 | Tomb:1   | Noticed a greater mummy
 87664 | Tomb:1   | Killed a greater mummy
 87670 | Tomb:1   | Killed a greater mummy
 87772 | Tomb:1   | Noticed a greater mummy
 87787 | Tomb:1   | Killed a greater mummy
 87813 | Tomb:1   | Noticed a greater mummy
 87862 | Tomb:1   | Killed a greater mummy
 87862 | Tomb:1   | Reached skill level 5 in Hexes
 87862 | Tomb:1   | Reached skill level 5 in Air Magic
 87892 | Tomb:1   | Noticed a greater mummy
 87936 | Tomb:1   | Killed a greater mummy
 87936 | Tomb:1   | Reached skill level 5 in Translocations
 87963 | Tomb:1   | Noticed a greater mummy
 88004 | Tomb:1   | Killed a greater mummy
 88045 | Tomb:1   | Noticed a greater mummy
 88123 | Tomb:1   | Killed a greater mummy
 88319 | Tomb:1   | Noticed a greater mummy
 88320 | Tomb:1   | Noticed a greater mummy
 88320 | Tomb:1   | Noticed a greater mummy
 88335 | Tomb:1   | Killed a greater mummy
 88347 | Tomb:1   | Killed a greater mummy
 88354 | Tomb:1   | Killed a greater mummy
 88671 | Tomb:3   | Found the ring of Robustness {AC+8}
 88673 | Tomb:3   | HP: 3/161 [ice devil[a mummy priest] (8)]
 88679 | Tomb:3   | HP: 4/161 [mummy priest's death curse (1)]
 88687 | Tomb:2   | Killed a greater mummy
 90213 | Pan      | Entered Pandemonium
 90243 | Pan      | Received a gift from Okawaru
 90356 | Pan      | Reached skill level 10 in Dodging
 90514 | Pan      | Noticed Heucany the pandemonium lord
 90628 | Pan      | Found an exit through the horrors of the Abyss.
 90690 | Pan      | Killed Heucany the pandemonium lord
 91065 | Pan      | Received a gift from Okawaru
 91085 | Pan      | Noticed Paoseog the pandemonium lord
 91094 | Pan      | Killed Paoseog the pandemonium lord
 91795 | Pan      | Identified the +1 hat of Going Fast {MR+ rCorr} (You
                  | acquired it in Pandemonium)
 91879 | Pan      | Noticed Nidufe the pandemonium lord
 91892 | Pan      | Killed Nidufe the pandemonium lord
 92676 | Pan      | Reached skill level 10 in Hexes
 92689 | Pan      | Found an exit through the horrors of the Abyss.
 92707 | Pan      | Noticed Allucriat the pandemonium lord
 92722 | Pan      | Killed Allucriat the pandemonium lord
 92729 | Pan      | Reached skill level 10 in Air Magic
 92742 | Pan      | Reached skill level 10 in Translocations
 93362 | Pan      | Received a gift from Okawaru
 93362 | Pan      | Reached skill level 1 in Charms
 93362 | Pan      | Reached skill level 1 in Necromancy
 93386 | Pan      | Noticed Vyjoycke the pandemonium lord
 93403 | Pan      | Killed Vyjoycke the pandemonium lord
 93539 | Pan      | Identified the ring of Generosity {rCorr rElec rN+ Str+2}
                  | (You found it in Pandemonium)
 93764 | Pan      | Found an exit through the horrors of the Abyss.
 94135 | Pan      | Noticed Imykuax the pandemonium lord
 94151 | Pan      | Killed Imykuax the pandemonium lord
 94220 | Pan      | Found an exit through the horrors of the Abyss.
 94604 | Pan      | Received a gift from Okawaru
 94618 | Pan      | Identified the -2 cloak of Enweig {rPois rF- MR+ Regen+}
                  | (Okawaru gifted it to you in Pandemonium)
 94718 | Pan      | Noticed Eddauhut the pandemonium lord
 94733 | Pan      | Killed Eddauhut the pandemonium lord
 95205 | Pan      | Reached skill level 5 in Charms
 95365 | Pan      | Found an exit through the horrors of the Abyss.
 95441 | Pan      | Reached skill level 5 in Necromancy
 95943 | Pan      | Noticed Jys Nosm the pandemonium lord
 95958 | Pan      | Killed Jys Nosm the pandemonium lord
 96631 | Pan      | Noticed Anwygg the pandemonium lord
 96651 | Pan      | Killed Anwygg the pandemonium lord
 96851 | Pan      | Received a gift from Okawaru
 97127 | Pan      | Found an exit through the horrors of the Abyss.
 97529 | Pan      | Lost mutation: You are frail. (-10% HP) [potion of
                  | mutation]
 97529 | Pan      | Lost mutation: You have a pair of small horns on your head.
                  | [potion of mutation]
 97529 | Pan      | Gained mutation: Your body sometimes deteriorates upon
                  | taking damage. [potion of mutation]
 97529 | Pan      | Gained mutation: Your spells are a little harder to cast,
                  | but a little more powerful. [potion of mutation]
 97529 | Pan      | Gained mutation: Your flesh is cold resistant. (rC+)
                  | [potion of mutation]
 97530 | Pan      | Lost mutation: Your body sometimes deteriorates upon taking
                  | damage. [potion of mutation]
 97530 | Pan      | Lost mutation: Your spells are a little harder to cast, but
                  | a little more powerful. [potion of mutation]
 97530 | Pan      | Lost mutation: Your flesh is cold resistant. (rC+) [potion
                  | of mutation]
 97530 | Pan      | Lost mutation: You occasionally shout uncontrollably at
                  | your foes. [potion of mutation]
 97530 | Pan      | Gained mutation: You are agile. (Dex +2) [potion of
                  | mutation]
 98245 | Pan      | Found a huge runed gate.
 98245 | Pan      | Found a huge runed gate.
 98246 | Pan      | Found a huge runed gate.
 98246 | Pan      | Found a huge runed gate.
 98247 | Pan      | Found a huge runed gate.
 98248 | Pan      | Found a huge runed gate.
 98249 | Pan      | Found a huge runed gate.
 98249 | Pan      | Found a huge runed gate.
 98249 | Pan      | Found a huge runed gate.
 98249 | Pan      | Found a huge runed gate.
 98250 | Pan      | Found a huge runed gate.
 98250 | Pan      | Found a huge runed gate.
 98250 | Pan      | Found a huge runed gate.
 98250 | Pan      | Found a huge runed gate.
 98250 | Pan      | Found a huge runed gate.
 98250 | Pan      | Found a huge runed gate.
 98250 | Pan      | Found a huge runed gate.
 98251 | Pan      | Found a huge runed gate.
 98252 | Pan      | Found a huge runed gate.
 98253 | Pan      | Found a huge runed gate.
 98253 | Pan      | Found a huge runed gate.
 98259 | Pan      | Noticed Jadah the pandemonium lord
 98293 | Pan      | Killed Jadah the pandemonium lord
 98451 | Pan      | Received a gift from Okawaru
 98621 | Pan      | Noticed Teeniosh the pandemonium lord
 98640 | Pan      | Killed Teeniosh the pandemonium lord
 99141 | Pan      | Found an exit through the horrors of the Abyss.
 99226 | Pan      | Gained mutation: You occasionally shout uncontrollably at
                  | your foes. [a cacodemon]
 99564 | Pan      | Noticed Kozy Sauss the pandemonium lord
 99632 | Pan      | Received a gift from Okawaru
 99725 | Pan      | Found an exit through the horrors of the Abyss.
100102 | Pan      | Killed Kozy Sauss the pandemonium lord
100449 | Pan      | Learned a level 5 spell: Metabolic Englaciation
100452 | Pan      | Learned a level 2 spell: Blink
100645 | Pan      | Gained mutation: You are somewhat resistant to further
                  | mutation. [a cacodemon]
100910 | Pan      | Found an exit through the horrors of the Abyss.
101346 | Pan      | Reached skill level 10 in Charms
101348 | Pan      | Reached skill level 10 in Necromancy
101351 | Pan      | Found a runed door.
101570 | Pan      | Received a gift from Okawaru
101571 | Pan      | Found an exit through the horrors of the Abyss.
101576 | Pan      | Identified the +2 pair of boots of Pandemonium {+Blink}
                  | (Okawaru gifted it to you in Pandemonium)
102113 | Pan      | Reached skill level 1 in Crossbows
102146 | Pan      | Noticed Pucohuy the pandemonium lord
102159 | Pan      | Killed Pucohuy the pandemonium lord
102178 | Depths:3 | Escaped Pandemonium
102190 | Depths:3 | Learned a level 6 spell: Darkness
102901 | D:4      | Bought a potion of curing for 36 gold pieces
102901 | D:4      | Bought a potion of ambrosia for 96 gold pieces
102901 | D:4      | Bought a potion of experience for 600 gold pieces
102901 | D:4      | Bought 2 potions of berserk rage for 120 gold pieces
102901 | D:4      | Bought a potion of curing for 36 gold pieces
102901 | D:4      | Bought a potion of curing for 36 gold pieces
102901 | D:4      | Bought 2 potions of curing for 72 gold pieces
102901 | D:4      | Bought 2 potions of curing for 72 gold pieces
103694 | Tomb:3   | Noticed a greater mummy
103698 | Tomb:3   | Noticed a greater mummy
103702 | Tomb:3   | HP: 12/268 [greater mummy/divine providence (6)]
103709 | Tomb:3   | Killed a greater mummy
103717 | Tomb:3   | HP: 11/268 [mummy priest/divine providence (4)]
103719 | Tomb:3   | Killed a greater mummy
104385 | Depths:2 | Reached skill level 5 in Crossbows
104499 | Depths:2 | Killed Ozeaf's ghost
104515 | Depths:2 | Identified the cursed ring "Faffisch" {-Tele rElec rC+
                  | AC-2} (You found it on level 2 of the Depths)
105036 | Pan      | Entered Pandemonium
105122 | Pan      | Received a gift from Okawaru
105185 | Pan      | Noticed Tehauk the pandemonium lord
105194 | Pan      | Killed Tehauk the pandemonium lord
105194 | Pan      | Received a gift from Okawaru
105205 | Pan      | Received a gift from Okawaru
105390 | Pan      | Found an exit through the horrors of the Abyss.
105847 | Pan      | Received a gift from Okawaru
105947 | Pan      | Found an exit through the horrors of the Abyss.
106207 | Pan      | Noticed Jidui the pandemonium lord
106220 | Pan      | Killed Jidui the pandemonium lord
106695 | Pan      | Reached skill level 10 in Crossbows
106765 | Pan      | Noticed Jal Quafur the pandemonium lord
106792 | Pan      | Killed Jal Quafur the pandemonium lord
106907 | Pan      | Found an exit through the horrors of the Abyss.
107430 | Pan      | Identified Iludad's Volume of Unholy Arts and Attacks
107488 | Pan      | Noticed Ebruf the pandemonium lord
107501 | Pan      | Killed Ebruf the pandemonium lord
108034 | Pan      | Received a gift from Okawaru
108066 | Pan      | Found an exit through the horrors of the Abyss.
108259 | Pan      | Noticed Afofaopup the pandemonium lord
108277 | Pan      | Killed Afofaopup the pandemonium lord
108325 | Pan      | Reached skill level 15 in Hexes
108528 | Pan      | Reached skill level 1 in Ice Magic
108641 | Pan      | Found an exit through the horrors of the Abyss.
108937 | Pan      | Found an exit through the horrors of the Abyss.
109030 | Pan      | Found a runed door.
109047 | Pan      | Found a runed door.
109064 | Pan      | Found a runed door.
109094 | Pan      | Found a runed door.
109172 | Pan      | Reached skill level 15 in Dodging
109474 | Pan      | Noticed Ranarash the pandemonium lord
109481 | Pan      | Killed Ranarash the pandemonium lord
109497 | Pan      | Identified the cursed ring of Balance {MR+ MP-9 Str+3
                  | Int-3} (You found it in Pandemonium)
109637 | Pan      | Reached skill level 15 in Translocations
110034 | Pan      | Noticed Mas Fil the pandemonium lord
110371 | Pan      | Killed Mas Fil the pandemonium lord
110371 | Pan      | Received a gift from Okawaru
110420 | Pan      | Identified the Incunabulum of the Enchanting Entourage
110453 | Pan      | Reached skill level 5 in Ice Magic
110524 | Pan      | Noticed Jaost the pandemonium lord
110555 | Pan      | Killed Jaost the pandemonium lord
111089 | Pan      | Found an exit through the horrors of the Abyss.
111109 | Pan      | Took an exit into the Abyss.
111109 | Abyss:1  | Escaped into the Abyss
111288 | Depths:3 | Escaped the Abyss
111399 | Zig:1    | Entered Level 1 of a ziggurat
111420 | Zig:2    | Entered Level 2 of a ziggurat
111436 | Zig:3    | Entered Level 3 of a ziggurat
111456 | Zig:4    | Entered Level 4 of a ziggurat
111496 | Zig:4    | Learned a level 6 spell: Invisibility
111498 | Zig:4    | Learned a level 1 spell: Apportation
111501 | Zig:4    | Learned a level 2 spell: Shroud of Golubria
111503 | Zig:5    | Entered Level 5 of a ziggurat
111530 | Zig:5    | Identified the +8 hand crossbow of Forgiveness {venom,
                  | Str+3} (You found it on level 5 of a ziggurat)
111539 | Zig:6    | Entered Level 6 of a ziggurat
111571 | Zig:7    | Entered Level 7 of a ziggurat
111575 | Zig:7    | Noticed an ancient lich
111578 | Zig:7    | Noticed an ancient lich
111594 | Zig:7    | Received a gift from Okawaru
111603 | Zig:7    | Killed an ancient lich
111606 | Zig:7    | Killed an ancient lich
111660 | Zig:8    | Entered Level 8 of a ziggurat
111666 | Zig:8    | Paralysed by a floating eye for 2 turns
111703 | Zig:8    | Got a pitted copper amulet
111708 | Zig:8    | Identified the +8 plate armour of a bazaar {rElec Int+4
                  | Dex-2} (You found it on level 8 of a ziggurat)
111709 | Zig:8    | Identified the amulet of Tidahal {Gourm +Fly Str+2} (You
                  | found it on level 8 of a ziggurat)
111715 | Zig:9    | Entered Level 9 of a ziggurat
111773 | Zig:9    | Identified the amulet of the Prince {Acrobat Int+4} (You
                  | found it on level 9 of a ziggurat)
111779 | Zig:9    | Identified the Incunabulum of the Mountains and the Birds
111782 | Zig:9    | Identified the +6 plate armour "Tubeg" {*Slow rN+ Str+2
                  | Dex+3} (You found it on level 9 of a ziggurat)
111791 | Zig:10   | Entered Level 10 of a ziggurat
111809 | Zig:10   | Found the +12 glaive of Prune {chop}
111811 | Zig:10   | Found the +1 cloak of Starlight {rElec rC+ EV+4 Stlth--}
111844 | Zig:10   | Identified the Handbook of Supportive Air
111865 | Zig:11   | Entered Level 11 of a ziggurat
112005 | Zig:12   | Entered Level 12 of a ziggurat
112016 | Zig:12   | Noticed Asoivuov the pandemonium lord
112037 | Zig:12   | Killed Asoivuov the pandemonium lord
112042 | Zig:12   | Noticed Tege the pandemonium lord
112061 | Zig:12   | Killed Tege the pandemonium lord
112137 | Zig:12   | Lost mutation: You have a somewhat thin skeletal structure.
                  | (Dex +2, Stealth) [potion of mutation]
112137 | Zig:12   | Lost mutation: You are agile. (Dex +2) [potion of mutation]
112137 | Zig:12   | Lost mutation: You are somewhat resistant to further
                  | mutation. [potion of mutation]
112137 | Zig:12   | Lost mutation: You are occasionally teleported next to
                  | monsters. [potion of mutation]
112137 | Zig:12   | Gained mutation: Scrolls take you a little longer to read.
                  | [potion of mutation]
112137 | Zig:12   | Gained mutation: You are resistant to electric shocks.
                  | (rElec) [potion of mutation]
112138 | Zig:12   | Lost mutation: You occasionally shout uncontrollably at
                  | your foes. [potion of mutation]
112138 | Zig:12   | Lost mutation: You have large cloven feet. [potion of
                  | mutation]
112138 | Zig:12   | Lost mutation: Scrolls take you a little longer to read.
                  | [potion of mutation]
112138 | Zig:12   | Gained mutation: You are resistant to hostile enchantments.
                  | (MR+) [potion of mutation]
112138 | Zig:12   | Gained mutation: You evolve. [potion of mutation]
112145 | Zig:13   | Entered Level 13 of a ziggurat
112220 | Zig:13   | Received a gift from Okawaru
112244 | Zig:13   | Identified Hoezxa's Handbook of Harmful Flames
112257 | Zig:13   | Identified the Papyrus of Enthralling Moulding
112273 | Zig:14   | Entered Level 14 of a ziggurat
112348 | Zig:14   | Identified the Grimoire of Flames
112364 | Zig:14   | Identified Sif Muna's Thorough Guide to Wizardry
112422 | Zig:15   | Entered Level 15 of a ziggurat
112508 | Zig:15   | Identified the Reference Book on Burning Moulding
112534 | Zig:16   | Entered Level 16 of a ziggurat
112574 | Zig:16   | Reached skill level 10 in Ice Magic
112580 | Zig:16   | Received a gift from Okawaru
112594 | Zig:16   | Noticed an ancient lich
112606 | Zig:16   | Killed an ancient lich
112753 | Zig:16   | Got a shimmering brass amulet
112754 | Zig:16   | Identified the amulet of Veacos {Spirit rPois} (You found
                  | it on level 16 of a ziggurat)
112775 | Zig:16   | Identified the +7 chain mail of Inaction {rCorr Str-4 Int+2
                  | Dex+5} (You found it on level 16 of a ziggurat)
112781 | Zig:17   | Entered Level 17 of a ziggurat
112804 | Zig:17   | Received a gift from Okawaru
112805 | Zig:17   | Found the +15 Maxwell's patent armour {-Cast -Tele rElec
                  | MR+ rCorr}
112897 | Zig:17   | Identified Wokh's Guide on Moulding
112900 | Zig:17   | Identified Sif Muna's Papyrus of Dislocation
112924 | Zig:17   | Identified Kuhim's Grimoire of Elitism
112934 | Zig:17   | Identified the Grimoire of Igneous Flight
112954 | Zig:17   | Learned a level 8 spell: Controlled Blink
112955 | Zig:18   | Entered Level 18 of a ziggurat
113084 | Zig:18   | Found the ring of the Octopus King
113125 | Zig:18   | Identified Sif Muna's Volume of the Ashen Birds
113144 | Zig:18   | Identified the +4 hand crossbow of Cocytus {venom, rElec}
                  | (You found it on level 18 of a ziggurat)
113151 | Zig:18   | Identified a ring of the Octopus King {rN+ AC+1 EV+1 Str+1
                  | Int+1 Dex+1} (You found it on level 18 of a ziggurat)
113156 | Zig:19   | Entered Level 19 of a ziggurat
113174 | Zig:19   | Noticed a greater mummy
113174 | Zig:19   | Noticed a greater mummy
113175 | Zig:19   | Noticed an ancient lich
113208 | Zig:19   | Killed a greater mummy
113221 | Zig:19   | Noticed a greater mummy
113224 | Zig:19   | Noticed a greater mummy
113234 | Zig:19   | Killed a greater mummy
113234 | Zig:19   | Received a gift from Okawaru
113259 | Zig:19   | Noticed a greater mummy
113268 | Zig:19   | Killed a greater mummy
113270 | Zig:19   | Reached skill level 27 in Stealth
113297 | Zig:19   | Killed a greater mummy
113297 | Zig:19   | Received a gift from Okawaru
113298 | Zig:19   | Noticed a greater mummy
113298 | Zig:19   | Noticed a greater mummy
113303 | Zig:19   | Killed an ancient lich
113368 | Zig:19   | Killed a greater mummy
113372 | Zig:19   | Killed a greater mummy
113444 | Zig:19   | Killed a greater mummy
113444 | Zig:19   | Received a gift from Okawaru
113505 | Zig:19   | Got a wavering iron ring
113506 | Zig:19   | Identified the ring of Waiff {Fire rElec Dex+4} (You found
                  | it on level 19 of a ziggurat)
113509 | Zig:19   | Got a translucent granite ring
113510 | Zig:19   | Identified the ring "Ciygamm" {*Slow +Fly rN+ MR+} (You
                  | found it on level 19 of a ziggurat)
113517 | Zig:19   | Identified Fovairar's Incunabulum of Twisted Toxins
113533 | Zig:20   | Entered Level 20 of a ziggurat
113575 | Zig:20   | Received a gift from Okawaru
113608 | Zig:20   | Noticed an ancient lich
113616 | Zig:20   | Noticed an ancient lich
113618 | Zig:20   | Noticed an ancient lich
113622 | Zig:20   | Killed an ancient lich
113622 | Zig:20   | Received a gift from Okawaru
113639 | Zig:20   | Received a gift from Okawaru
113646 | Zig:20   | Killed an ancient lich
113659 | Zig:20   | Killed an ancient lich
113707 | Zig:20   | Got a flickering sapphire amulet
113708 | Zig:20   | Identified the amulet "Qiezot" {RegenMP rElec} (You found
                  | it on level 20 of a ziggurat)
113726 | Zig:21   | Entered Level 21 of a ziggurat
113938 | Zig:21   | Received a gift from Okawaru
113945 | Zig:21   | Identified the Grimoire of Translocation
114132 | Zig:21   | Identified the ring of Sif Muna's Hope {MR+ Dex+4 Stlth-}
                  | (You found it on level 21 of a ziggurat)
114154 | Zig:22   | Entered Level 22 of a ziggurat
114279 | Zig:22   | Received a gift from Okawaru
114299 | Zig:22   | Received a gift from Okawaru
114354 | Zig:22   | Found the +3 crown of Dyrovepreva {rElec Int+2 SInv}
114431 | Zig:23   | Entered Level 23 of a ziggurat
114498 | Zig:23   | Noticed Laobas the pandemonium lord
114511 | Zig:23   | Paralysed by you for 4 turns
114512 | Zig:23   | Noticed Keot the pandemonium lord
114525 | Zig:23   | Noticed Ocserio Utaps the pandemonium lord
114534 | Zig:23   | Noticed Kudealux the pandemonium lord
114553 | Zig:23   | Noticed Piptytos the pandemonium lord
114553 | Zig:23   | Noticed Jerhe the pandemonium lord
114553 | Zig:23   | Noticed Estreaxze the pandemonium lord
114564 | Zig:23   | Noticed Jaenomp the pandemonium lord
114566 | Zig:23   | Noticed Ygaygod the pandemonium lord
114580 | Zig:23   | Killed Ygaygod the pandemonium lord
114591 | Zig:23   | Killed Jaenomp the pandemonium lord
114595 | Zig:23   | Received a gift from Okawaru
114612 | Zig:23   | Noticed Yblefaf the pandemonium lord
114632 | Zig:23   | Killed Yblefaf the pandemonium lord
114632 | Zig:23   | Killed Keot the pandemonium lord
114632 | Zig:23   | Received a gift from Okawaru
114653 | Zig:23   | Killed Jerhe the pandemonium lord
114660 | Zig:23   | Killed Laobas the pandemonium lord
114660 | Zig:23   | Reached skill level 27 in Spellcasting
114660 | Zig:23   | Noticed Boemalut the pandemonium lord
114667 | Zig:23   | Noticed Uxuebrinit the pandemonium lord
114670 | Zig:23   | Received a gift from Okawaru
114695 | Zig:23   | Killed Boemalut the pandemonium lord
114710 | Zig:23   | Killed Estreaxze the pandemonium lord
114716 | Zig:23   | Killed Uxuebrinit the pandemonium lord
114749 | Zig:23   | Killed Ocserio Utaps the pandemonium lord
114756 | Zig:23   | Identified the -9 shield of Coronation {rC+ Regen+ Int-3
                  | SInv} (Okawaru gifted it to you on level 23 of a ziggurat)
114789 | Zig:23   | Killed Kudealux the pandemonium lord
114793 | Zig:23   | Killed Piptytos the pandemonium lord
114805 | Zig:23   | Found the brooch of Shielding {Reflect SH+8}
114807 | Zig:23   | Found the ring of Phasing {EV+8}
114828 | Zig:23   | Identified the ring of Exhibitionism {rCorr rPois Slay+2}
                  | (You found it on level 23 of a ziggurat)
114829 | Zig:23   | Identified the Handbook of Ignition and Self-Knowledge
114848 | Zig:23   | Identified the +8 broad axe "Hyfuipioc" {flame, rElec Dex-5
                  | SInv} (You acquired it on level 23 of a ziggurat)
114852 | Zig:23   | Identified the +2 large shield of Sulilouc {*Drain MR+
                  | Str+3} (You acquired it on level 23 of a ziggurat)
114856 | Zig:23   | Identified the -4 pair of gloves of Shielding {Dex+3
                  | Stlth+} (You acquired it on level 23 of a ziggurat)
114900 | Zig:23   | Identified the +5 arbalest "Earthworm" {flame, *Slow +Blink
                  | Int+2} (You found it on level 23 of a ziggurat)
114919 | Zig:24   | Entered Level 24 of a ziggurat
114948 | Zig:24   | Reached skill level 15 in Necromancy
115011 | Zig:24   | Received a gift from Okawaru
115085 | Zig:24   | Received a gift from Okawaru
115105 | Zig:24   | Identified the +5 broad axe of Punishment {flame, +Blink
                  | rC- Dex+7 Stlth-} (Okawaru gifted it to you on level 24 of
                  | a ziggurat)
115127 | Zig:24   | Found the +7 Kryia's mail coat {PotionHeal*2 rC+}
115131 | Zig:24   | Found the +3 sling "Punk" {acid, rCorr}
115136 | Zig:24   | Identified the +1 pair of gloves of Integrity {Str+4 Dex+2
                  | Stlth+} (You found it on level 24 of a ziggurat)
115158 | Zig:24   | Identified the amulet "Arog" {Acrobat rElec rPois Stlth-}
                  | (You found it on level 24 of a ziggurat)
115175 | Zig:25   | Entered Level 25 of a ziggurat
115187 | Zig:25   | Noticed a juggernaut
115207 | Zig:25   | Killed a juggernaut
115233 | Zig:25   | Noticed a juggernaut
115247 | Zig:25   | Killed a juggernaut
115272 | Zig:25   | Noticed a juggernaut
115293 | Zig:25   | Killed a juggernaut
115305 | Zig:25   | Received a gift from Okawaru
115335 | Zig:25   | Noticed a juggernaut
115340 | Zig:25   | Noticed a juggernaut
115342 | Zig:25   | Received a gift from Okawaru
115349 | Zig:25   | Killed a juggernaut
115368 | Zig:25   | Killed a juggernaut
115368 | Zig:25   | Received a gift from Okawaru
115374 | Zig:25   | Noticed a juggernaut
115381 | Zig:25   | Noticed a juggernaut
115382 | Zig:25   | Noticed a juggernaut
115385 | Zig:25   | Killed a juggernaut
115385 | Zig:25   | Received a gift from Okawaru
115385 | Zig:25   | Noticed a juggernaut
115397 | Zig:25   | Noticed a juggernaut
115400 | Zig:25   | Killed a juggernaut
115405 | Zig:25   | Killed a juggernaut
115416 | Zig:25   | Killed a juggernaut
115431 | Zig:25   | Killed a juggernaut
115431 | Zig:25   | Received a gift from Okawaru
115468 | Zig:25   | Identified the +5 hand crossbow of the Philosopher {venom,
                  | +Inv +Fly rF+ Stlth-} (Okawaru gifted it to you on level 25
                  | of a ziggurat)
115497 | Zig:25   | Identified the ring of Wumoufac {AC+6 Int+3} (You found it
                  | on level 25 of a ziggurat)
115504 | Zig:25   | Identified the Grimoire of the Nocuous Entourage
115543 | Zig:26   | Entered Level 26 of a ziggurat
115749 | Zig:26   | Received a gift from Okawaru
116033 | Zig:26   | Identified the ring of Iroubomp {EV+1 Str+4 Dex-4 Slay+2}
                  | (You found it on level 26 of a ziggurat)
116050 | Zig:26   | Identified the ring "Boskaet" {Str+3 Dex+3} (You found it
                  | on level 26 of a ziggurat)
116055 | Zig:26   | Identified the +0 pair of boots "Faunug" {Slay+6} (You
                  | found it on level 26 of a ziggurat)
116071 | Zig:26   | Identified the amulet "Haklurhada" {+Blink rElec rPois
                  | Regen+ Str-3} (You found it on level 26 of a ziggurat)
116087 | Zig:27   | Entered Level 27 of a ziggurat
116320 | Zig:27   | Received a gift from Okawaru
116374 | Zig:27   | Received a gift from Okawaru
116572 | Zig:27   | Found the +2 hat of the Bear Spirit {Spirit, +Rage rN+
                  | MR++}
116573 | Zig:27   | Found the +8 autumn katana {slice, Clar}
116598 | Zig:27   | Identified the Compendium of the Spheres
116613 | Zig:27   | Identified the amulet "Cudinupo" {Harm *Drain rPois Str+4
                  | Int-5} (You found it on level 27 of a ziggurat)
116615 | Zig:27   | Identified the Reference Book on Igneous Calling
116618 | Zig:27   | Identified the Handbook of Mutagenic Clay
117201 | Tomb:3   | Killed a greater mummy
117209 | Tomb:3   | Killed a greater mummy
117212 | Tomb:3   | Killed a greater mummy
117382 | Tomb:3   | Killed a greater mummy
117382 | Tomb:3   | Received a gift from Okawaru
117387 | Tomb:3   | Killed a greater mummy
117391 | Tomb:3   | Killed a greater mummy
118024 | Tomb:3   | Found the amulet of the Air {Inacc +Fly rElec EV+5 RMsl}
118027 | Tomb:3   | Found the +9 heavy crossbow "Sniper" {velocity, Acc+∞ SInv}
118092 | Tomb:3   | Identified the ring "Tiynump" {MR+ Str+4 Dex-5 Slay+2} (You
                  | found it on level 3 of the Tomb of the Ancients)
118095 | Tomb:3   | Identified the Reference Book on Ashen Shape Shifting
118170 | Tomb:3   | Identified the cursed +0 pair of gloves of Vekhug {+Fly
                  | MP+9 Str+4} (You found it on level 3 of the Tomb of the
                  | Ancients)
118178 | Tomb:3   | Identified the ring "Hiqaadgh" {MP+9 Dex+6} (You found it
                  | on level 3 of the Tomb of the Ancients)
118248 | Tomb:3   | Got a golden rune of Zot
118839 | Zot:1    | Entered Level 1 of the Realm of Zot
118972 | Zot:1    | Received a gift from Okawaru
119137 | Zot:2    | Found a transporter.
119163 | Zot:2    | Found a transporter.
119206 | Zot:3    | Noticed an orb of fire
119215 | Zot:3    | Gained mutation: Your body sometimes deteriorates upon
                  | taking damage. [an orb of fire]
119237 | Zot:3    | Killed an orb of fire
119338 | Zot:4    | Received a gift from Okawaru
119360 | Zot:4    | Received a gift from Okawaru
119389 | Zot:5    | Entered Level 5 of the Realm of Zot
119427 | Zot:5    | Received a gift from Okawaru
119478 | Zot:5    | Received a gift from Okawaru
119591 | Zot:5    | Noticed an ancient lich
119598 | Zot:5    | Noticed an ancient lich
119601 | Zot:5    | Noticed an ancient lich
119606 | Zot:5    | Killed an ancient lich
119623 | Zot:5    | Killed an ancient lich
119634 | Zot:5    | Killed an ancient lich
119634 | Zot:5    | Received a gift from Okawaru
119663 | Zot:5    | Noticed an ancient lich
119685 | Zot:5    | Killed an ancient lich
119685 | Zot:5    | Received a gift from Okawaru
119764 | Zot:5    | Noticed an orb of fire
119769 | Zot:5    | Noticed an ancient lich
119780 | Zot:5    | Killed an orb of fire
119780 | Zot:5    | Received a gift from Okawaru
119781 | Zot:5    | Killed an ancient lich
119817 | Zot:5    | Received a gift from Okawaru
119911 | Zot:5    | Got the Orb of Zot
119972 | Zot:5    | Gained mutation: Your magical capacity is low. (-10% MP) [a
                  | cacodemon]
120061 | Zot:2    | Noticed Xobiep the pandemonium lord
120067 | Zot:2    | Noticed Yluus the pandemonium lord
120067 | Zot:2    | Noticed an ancient lich
120078 | Zot:2    | Killed Xobiep the pandemonium lord
120084 | Zot:2    | Killed Yluus the pandemonium lord
120084 | Zot:2    | Received a gift from Okawaru
120089 | Zot:2    | Killed an ancient lich
120158 | Zot:1    | Noticed Pag Gib the pandemonium lord
120744 | D:4      | Noticed Idutacug the pandemonium lord
120809 | D:3      | Received a gift from Okawaru
120860 | D:2      | Noticed Jemypt the pandemonium lord
120898 | D:2      | Killed Jemypt the pandemonium lord
120953 | D:1      | Noticed Tifoatur the pandemonium lord
120966 | D:1      | Killed Tifoatur the pandemonium lord
120989 | D:1      | Lost mutation: Your magical capacity is low. (-10% MP)
                  | [potion of mutation]
120989 | D:1      | Lost mutation: Your body sometimes deteriorates upon taking
                  | damage. [potion of mutation]
120989 | D:1      | Lost mutation: You are resistant to hostile enchantments.
                  | (MR+) [potion of mutation]
120989 | D:1      | Lost mutation: You are partially covered in rugged brown
                  | scales. (AC +1, +3% HP) [potion of mutation]
120989 | D:1      | Gained mutation: You are dopey. (Int -2) [potion of
                  | mutation]
120989 | D:1      | Gained mutation: You are frail. (-10% HP) [potion of
                  | mutation]
120989 | D:1      | Gained mutation: You are covered in fur. (AC +1) [potion of
                  | mutation]
120990 | D:1      | Lost mutation: You are frail. (-10% HP) [potion of
                  | mutation]
120990 | D:1      | Lost mutation: You are covered in fur. (AC +1) [potion of
                  | mutation]
120990 | D:1      | Gained mutation: You are robust. (+10% HP) [potion of
                  | mutation]
120990 | D:1      | Gained mutation: You are partially covered in thin metallic
                  | scales. (AC +2) [potion of mutation]
120991 | D:1      | Lost mutation: You evolve. [potion of mutation]
120991 | D:1      | Gained mutation: You occasionally shout uncontrollably at
                  | your foes. [potion of mutation]
120991 | D:1      | Lost mutation: You are dopey. (Int -2) [potion of mutation]
120991 | D:1      | Gained mutation: You can translocate small distances at
                  | will. [potion of mutation]
120991 | D:1      | Gained mutation: Your mind is acute. (Int +2) [potion of
                  | mutation]
120992 | D:1      | Lost mutation: Your mind is acute. (Int +2) [potion of
                  | mutation]
120992 | D:1      | Lost mutation: You are robust. (+10% HP) [potion of
                  | mutation]
120992 | D:1      | Gained mutation: You are clumsy. (Dex -2) [potion of
                  | mutation]
120992 | D:1      | Gained mutation: You are frail. (-10% HP) [potion of
                  | mutation]
120992 | D:1      | Lost mutation: You are clumsy. (Dex -2) [potion of
                  | mutation]
120992 | D:1      | Gained mutation: You have sharp toenails. [potion of
                  | mutation]
120993 | D:1      | Lost mutation: You are resistant to electric shocks.
                  | (rElec) [potion of mutation]
120993 | D:1      | Lost mutation: You are frail. (-10% HP) [potion of
                  | mutation]
120993 | D:1      | Lost mutation: You have sharp toenails. [potion of
                  | mutation]
120993 | D:1      | Lost mutation: You occasionally shout uncontrollably at
                  | your foes. [potion of mutation]
120993 | D:1      | Gained mutation: You evolve. [potion of mutation]
120993 | D:1      | Gained mutation: Your magical capacity is low. (-10% MP)
                  | [potion of mutation]
120993 | D:1      | Gained mutation: You have sharp fingernails. [potion of
                  | mutation]
120994 | D:1      | Lost mutation: You are partially covered in thin metallic
                  | scales. (AC +2) [potion of mutation]
120994 | D:1      | Lost mutation: You evolve. [potion of mutation]
120994 | D:1      | Lost mutation: You can translocate small distances at will.
                  | [potion of mutation]
120994 | D:1      | Gained mutation: You are robust. (+10% HP) [potion of
                  | mutation]
120994 | D:1      | Gained mutation: Your movements are slightly less
                  | encumbered by armour. (ER -2) [potion of mutation]
120994 | D:1      | Gained mutation: You are covered in fur. (AC +1) [potion of
                  | mutation]
120995 | D:1      | Lost mutation: Your magical capacity is low. (-10% MP)
                  | [potion of mutation]
120995 | D:1      | Lost mutation: You are robust. (+10% HP) [potion of
                  | mutation]
120995 | D:1      | Lost mutation: Your movements are slightly less encumbered
                  | by armour. (ER -2) [potion of mutation]
120995 | D:1      | Lost mutation: You have sharp fingernails. [potion of
                  | mutation]
120995 | D:1      | Gained mutation: You are occasionally teleported next to
                  | monsters. [potion of mutation]
120995 | D:1      | Gained mutation: You have an increased reservoir of magic.
                  | (+10% MP) [potion of mutation]
120996 | D:1      | Lost mutation: You are covered in fur. (AC +1) [potion of
                  | mutation]
120996 | D:1      | Lost mutation: You have an increased reservoir of magic.
                  | (+10% MP) [potion of mutation]
120996 | D:1      | Gained mutation: Armour fits poorly on your strangely
                  | shaped body. [potion of mutation]
120996 | D:1      | Gained mutation: You passively map a small area around you.
                  | [potion of mutation]
120997 | D:1      | Lost mutation: Armour fits poorly on your strangely shaped
                  | body. [potion of mutation]
120997 | D:1      | Lost mutation: You are occasionally teleported next to
                  | monsters. [potion of mutation]
120997 | D:1      | Gained mutation: Armour fits poorly on your strangely
                  | shaped body. [potion of mutation]
120997 | D:1      | Gained mutation: You expend magic power (3 MP) to
                  | strengthen your wands. [potion of mutation]
120998 | D:1      | Lost mutation: Armour fits poorly on your strangely shaped
                  | body. [potion of mutation]
120998 | D:1      | Lost mutation: You passively map a small area around you.
                  | [potion of mutation]
120998 | D:1      | Gained mutation: You occasionally shout uncontrollably at
                  | your foes. [potion of mutation]
120998 | D:1      | Gained mutation: You are somewhat resistant to further
                  | mutation. [potion of mutation]
120998 | D:1      | Gained mutation: You have a pair of small horns on your
                  | head. [potion of mutation]
121017 | D:$      | Escaped with the Orb!

Skill      XL: |  1  2  3  4  5  6  7  8  9 10 11 12 13 14 15 16 17 18 19 20 21 22 23 24 25 26 27 |
---------------+----------------------------------------------------------------------------------+-----
Fighting       | 3 4 5 6 8 9 10 11 12 13 14 15 16 17 18 19 20 27 | 27.0
Shields        | 3 4 5 7 8 9 10 11 12 13 14 15 16 18 19 20 21 22 23 27 | 27.0
Axes           | 2 3 4 5 6 8 10 11 12 13 15 16 17 18 19 | 19.1
Armour         | 3 4 5 6 7 8 9 10 11 12 13 27 | 27.0
Dodging        | 1 2 21 | 21.9
Stealth        | 1 2 3 4 5 27 | 27.0
Invocations    | 1 2 3 4 5 6 7 8 10 24 | 24.1
Evocations     | 1 3 6 8 10 11 17 | 17.0
Spellcasting   | 27 | 27.0
Hexes          | 17 | 17.7
Translocations | 25 | 25.1
Air Magic      | 14 | 14.6
Charms         | 11 | 11.8
Necromancy     | 21 | 21.6
Crossbows      | 10 | 10.0
Ice Magic      | 10 | 10.8
Maces & Flails | |  0.3
Throwing       | |  0.8

Action                   |  1- 3 |  4- 6 |  7- 9 | 10-12 | 13-15 | 16-18 | 19-21 | 22-24 | 25-27 || total
-------------------------+-------+-------+-------+-------+-------+-------+-------+-------+-------++-------
Melee: War axe           |    95 |   146 |   371 |   502 |   388 |       |       |       |       ||  1502
       Bite              |    29 |    43 |   116 |   199 |   273 |   440 |   517 |   418 |  8513 || 10548
       Broad axe         |       |       |       |       |   358 |  1050 |  1198 |   818 | 13666 || 17090
       Sacred scourge    |       |       |       |       |       |       |       |       |  1556 ||  1556
       Headbutt          |       |       |       |       |       |       |       |       |  1484 ||  1484
 Fire: Hand crossbow     |       |       |       |       |       |       |       |       |    48 ||    48
 Cast: Regeneration      |       |       |       |       |       |       |       |       |    52 ||    52
       Darkness          |       |       |       |       |       |       |       |       |    29 ||    29
       Metabolic Englaci |       |       |       |       |       |       |       |       |    19 ||    19
       Shroud of Golubri |       |       |       |       |       |       |       |       |    18 ||    18
       Controlled Blink  |       |       |       |       |       |       |       |       |     6 ||     6
       Blink             |       |       |       |       |       |       |       |       |     3 ||     3
       Passage of Golubr |       |       |       |       |       |       |       |       |     2 ||     2
       Invisibility      |       |       |       |       |       |       |       |       |     1 ||     1
Invok: Heroism           |       |       |     3 |    14 |    22 |    12 |    12 |     5 |   116 ||   184
       Finesse           |       |       |       |     1 |     7 |     4 |     5 |     1 |    78 ||    96
 Abil: Evoke Berserk Rag |     1 |     1 |     2 |     2 |       |       |       |       |       ||     6
       Evoke Invisibilit |       |       |       |       |       |       |       |     1 |       ||     1
Evoke: Wand              |       |       |     2 |       |     4 |       |       |       |    23 ||    29
  Use: Scroll            |       |     1 |     7 |     4 |    11 |    16 |     3 |     3 |   145 ||   190
       Potion            |       |       |       |     2 |     5 |       |     2 |       |    39 ||    48
 Stab: Distracted        |       |       |       |       |       |       |     3 |     1 |    12 ||    16
       Invisible         |       |       |       |       |       |       |       |     4 |    40 ||    44
       Paralysed         |       |       |       |       |       |       |       |       |     3 ||     3
       Sleeping          |       |       |       |       |       |       |       |       |     2 ||     2
       Confused          |       |       |       |       |       |       |       |       |     1 ||     1
  Eat: Chunk             |       |     6 |    11 |     8 |     3 |     8 |    16 |     8 |    30 ||    90
       Ration            |       |       |     3 |     2 |     5 |     7 |     2 |     4 |    70 ||    93
Armor: Scale mail        |    45 |    56 |     5 |       |       |       |       |       |       ||   106
       Chain mail        |       |       |   103 |       |       |       |       |       |       ||   103
       Skin              |       |       |     1 |       |       |       |       |       |    22 ||    23
       Plate armour      |       |       |    63 |   237 |    73 |       |       |       |       ||   373
       Crystal plate arm |       |       |       |       |   369 |   328 |   361 |   190 |  2899 ||  4147
Dodge: Dodged            |    32 |    43 |   106 |   145 |   193 |   105 |   193 |   102 |  1766 ||  2685
       Deflected         |       |       |       |       |       |       |     5 |     1 |       ||     6
Block: Shield            |    68 |   111 |   194 |   355 |   546 |       |       |       |       ||  1274
       Buckler           |       |       |       |    13 |       |       |       |       |       ||    13
       Large shield      |       |       |       |       |   136 |  1063 |  1024 |   849 | 15081 || 18153
       Reflection        |       |       |       |       |    27 |   166 |    71 |    93 |   623 ||   980
